 Dungeon Crawl Stone Soup version 0.31.0-1-g2c135a0 (webtiles) character file.

Game seed: 5631158945347444936

14297933 Caterwaul the Intangible (level 27, 323/323 HPs)
             Began as a Merfolk Monk on Mar 15, 2024.
             Was the Champion of Jiyva.
             Escaped with the Orb
             ... and 14 runes on Mar 17, 2024!
             The game lasted 03:50:28 (96221 turns).

Caterwaul the Intangible (Merfolk Monk)            Turns: 96221, Time: 03:50:29

Health: 323/323    AC: 45    Str:  9    XL:     27
Magic:  40/40      EV: 56    Int: 13    God:    Jiyva [******]
Gold:   7512       SH: 45    Dex: 42    Spells: 27/36 levels left

rFire   . . .        a - +9 double sword (holy)
rCold   + . .        e - +8 tower shield {AC+3}
rNeg    + + +        W - melded +5 moon troll leather armour {Spirit, Regen++ MP+5}
rPois   ∞            y - +2 hat {Will+}
rElec   +            Z - +0 cloak "Pulyorgh" {Rampage rElec Will+ Str-2}
rCorr   +            s - melded +2 pair of gloves {Dex+3}
SInv    +            R - melded +0 pair of boots "Itroman" {rC+ Str+2}
Will    +++++        d - amulet "Ozevoeh" {Acrobat rN+ Regen+}
Stlth   ++++         O - ring "Syubar" {Int+3 Dex+6 Slay+3}
HPRegen 3.13/turn    x - ring "Cuhy" {rElec rC+ rN+ Will+}
MPRegen 1.07/turn

%: acrobat, rampage
@: statue-form, studying 2 skills, very slow
A: slow and powerful, torment resistance 1, boosted hp, (nimble swimmer 2),
mertail, horns 2, (iridescent scales 1), large bone plates 1, thin skeletal
structure 3, see invisible, deformed body, high MP 1, (shaggy fur 1),
electricity resistance, acidic bite, (gelatinous body 1), engulf, persistent
drain
0: Orb of Zot
}: 14/15 runes: decaying, serpentine, slimy, silver, iron, obsidian, icy, bone,
abyssal, demonic, glowing, magical, fiery, dark
a: Begin Untransformation, Renounce Religion, Oozemancy, Slimify


You escaped.
You worshipped Jiyva.
Jiyva was exalted by your worship.
You were a living statue of rough stone.
You visited 18 branches of the dungeon, and saw 87 of its levels.
You visited Pandemonium 2 times, and saw 14 of its levels.
You visited the Abyss 3 times.
You also visited: Gauntlet.

You collected 10318 gold pieces.
You spent 2806 gold pieces at shops.

Inventory:

Hand Weapons
 a - a +9 double sword of holy wrath (weapon)
 b - the +12 demon blade of Uziuhif {flame, rC+ Int+7}
   (You bought it in a shop on level 2 of the Orcish Mines)

   Int+7:     It affects your intelligence (+7).
   rC+:       It protects you from cold.
Missiles
 g - 45 javelins
 N - 10 curare-tipped darts
 Q - 15 silver javelins
Armour
 e - a +8 tower shield of protection (worn)
 i - a +5 kite shield of resistance
 o - a scarf of resistance
 s - a +2 pair of gloves of dexterity (melded)
 y - a +2 hat of willpower (worn)
 R - the +0 pair of boots "Itroman" (melded) {rC+ Str+2}
   (Okawaru gifted it to you on level 5 of the Vaults)

   Str+2:     It affects your strength (+2).
   rC+:       It protects you from cold.
 V - the +2 helmet of the Loofah {+Blink Fly rN+++ Int-5}
   (You found it on level 4 of the Depths)

   Int-5:     It affects your intelligence (-5).
   rN+++:     It renders you almost immune to negative energy.
   Fly:       It grants you flight.
   +Blink:    It lets you blink.
 W - the +5 moon troll leather armour (melded) {Spirit, Regen++ MP+5}
   (You took it off a deep elf demonologist on level 3 of the Elven Halls)

   MP+5:      It affects your magic capacity (+5).
   Regen++:   It increases your rate of health regeneration.
 Z - the +0 cloak "Pulyorgh" (worn) {Rampage rElec Will+ Str-2}
   (You found it on level 3 of the Elven Halls)

   Str-2:     It affects your strength (-2).
   rElec:     It insulates you from electricity.
   Will+:     It increases your willpower.
   Rampage:   It bestows one free step when moving towards enemies.
Jewellery
 d - the amulet "Ozevoeh" (around neck) {Acrobat rN+ Regen+}
   (You bought it in a shop on level 3 of the Snake Pit)

   [amulet of the acrobat]

   Acrobat:   It increases your evasion while moving and waiting.
   rN+:       It protects you from negative energy.
   Regen+:    It increases your rate of health regeneration.
 j - a ring of see invisible
 m - a +6 ring of dexterity
 n - an amulet of reflection
 x - the ring "Cuhy" (right fist) {rElec rC+ rN+ Will+}
   (You acquired it on level 4 of the Depths)

   [ring of positive energy]

   rC+:       It protects you from cold.
   rElec:     It insulates you from electricity.
   rN+:       It protects you from negative energy.
   Will+:     It increases your willpower.
 O - the ring "Syubar" (left fist) {Int+3 Dex+6 Slay+3}
   (You took it off an orc on level 7 of the Dungeon)

   [ring of dexterity]

   Int+3:     It affects your intelligence (+3).
   Dex+6:     It affects your dexterity (+6).
   Slay+3:    It affects your accuracy & damage with ranged weapons and melee
   (+3).
 T - the ring of the Turtle {rElec rF+}
   (You took it off a deep elf demonologist on level 3 of the Elven Halls)

   [ring of protection from fire]

   rF+:       It protects you from fire.
   rElec:     It insulates you from electricity.
Talismans
 t - a granite talisman (active)
Wands
 l - a wand of mindburst (10)
 P - a wand of acid (64)
 Y - a wand of digging (22)
Scrolls
 p - 10 scrolls of fog
 r - 8 scrolls of enchant weapon
 u - 4 scrolls of revelation
 v - 14 scrolls of teleportation
 z - 13 scrolls of amnesia
 B - 6 scrolls of silence
 G - 2 scrolls of enchant armour
 J - 10 scrolls of blinking
 K - 4 scrolls of butterflies
Potions
 c - 6 potions of ambrosia
 f - 4 potions of magic
 h - 9 potions of lignification
 w - 8 potions of haste
 A - 8 potions of attraction
 C - 14 potions of enlightenment
 D - 24 potions of curing
 E - 6 potions of might
 H - 14 potions of heal wounds
 I - a potion of cancellation
 L - a potion of invisibility
 U - 7 potions of resistance
 X - 2 potions of berserk rage
Miscellaneous
 k - a lightning rod (4/4)
 q - a phial of floods
 M - a tin of tremorstones (1/2)
 S - the horn of Geryon


   Skills:
 O Level 27 Fighting
 O Level 27 Long Blades
 - Level 11.0 Throwing
 * Level 22.9 Armour
 O Level 27 Dodging
 + Level 19.9 Stealth
 O Level 27 Shields
 - Level 5.0 Spellcasting
 - Level 8.0 Translocations
 + Level 19.5 Invocations
 - Level 21.0 Evocations
 - Level 25.0 Shapeshifting


You had 27 spell levels left.
You knew the following spells:

 Your Spells              Type           Power      Damage    Failure   Level
a - Apportation           Tloc           48%        N/A       1%          1
b - Blink                 Tloc           48%        N/A       1%          2
c - Manifold Assault      Tloc           24%        N/A       7%          4
d - Lesser Beckoning      Tloc           48%        N/A       1%          2

Your spell library contained the following spells:

 Spells                   Type           Power      Damage    Failure   Level
 Gell's Gravitas          Tloc           24%        N/A       1%          3
 Teleport Other           Tloc           24%        N/A       1%          3
 Volatile Blastmotes      Fire/Tloc      26%        2d12      11%         3
 Freeze                   Ice            12%        1d3       19%         1
 Kiss of Death            Conj/Necr      12%        2d6       19%         1
 Magic Dart               Conj           12%        1d3       19%         1
 Necrotise                Necr           12%        1d4       19%         1
 Shock                    Conj/Air       12%        1d3       19%         1
 Slow                     Hex            12%        N/A       19%         1
 Sting                    Conj/Alch      12%        1d3       19%         1
 Summon Small Mammal      Summ           12%        N/A       19%         1
 Call Imp                 Summ           6%         N/A       28%         2
 Cigotuvi's Dreadful Rot  Necr/Alch/Air  6%         N/A       28%         2
 Ensorcelled Hibernation  Hex/Ice        6%         N/A       28%         2
 Jinxbite                 Hex            6%         N/A       28%         2
 Mercury Vapours          Alch/Air       6%         N/A       28%         2
 Searing Ray              Conj           6%         2d4       28%         2
 Dimensional Bullseye     Hex/Tloc       6%         N/A       34%         4
 Iskenderun's Mystic Bla  Conj/Tloc      13%        2d5       34%         4
 Call Canine Familiar     Summ           3%         N/A       50%         3
 Confusing Touch          Hex            3%         N/A       50%         3
 Frozen Ramparts          Ice            6%         1d1       50%         3
 Fugue of the Fallen      Necr           3%         N/A       50%         3
 Hailstorm                Conj/Ice       3%         3d5       50%         3
 Ozocubu's Armour         Ice            3%         N/A       50%         3
 Passwall                 Erth           3%         N/A       50%         3
 Sigil of Binding         Hex            3%         N/A       50%         3
 Swiftness                Air            3%         N/A       50%         3
 Vampiric Draining        Necr           3%         2d6       50%         3
 Dispersal                Tloc           12%        N/A       71%         6
 Airstrike                Air            1%         2d(1-17)  88%         4
 Anguish                  Hex/Necr       1%         N/A       88%         4
 Animate Armour           Summ/Erth      6%         N/A       88%         4
 Animate Dead             Necr           3%         N/A       88%         4
 Cause Fear               Hex            1%         N/A       88%         4
 Dispel Undead            Necr           3%         3d7       88%         4
 Flame Wave               Conj/Fire      3%         2d5       88%         4
 Fulminant Prism          Conj/Alch      1%         3d5       88%         4
 Ignite Poison            Fire/Alch      3%         N/A       88%         4
 Leda's Liquefaction      Alch/Erth      1%         N/A       88%         4
 Martyr's Knell           Necr/Summ      3%         N/A       88%         4
 Olgreb's Toxic Radiance  Alch           3%         N/A       88%         4
 Petrify                  Alch/Erth      3%         N/A       88%         4
 Sticky Flame             Fire/Alch      3%         2d4       88%         4
 Summon Blazeheart Golem  Fire/Summ      3%         N/A       88%         4
 Summon Lightning Spire   Summ/Air       3%         N/A       88%         4
 Alistair's Intoxication  Alch           2%         N/A       99%         5
 Borgnjor's Vile Clutch   Necr/Erth      1%         N/A       99%         5
 Curse of Agony           Necr           3%         N/A       99%         5
 Freezing Cloud           Conj/Ice/Air   1%         6-21      99%         5
 Lee's Rapid Deconstruct  Erth           1%         3d4*      99%         5
 Metabolic Englaciation   Hex/Ice        1%         N/A       99%         5
 Yara's Violent Unravell  Hex/Alch       1%         3d3       99%         5
 Bombard                  Conj/Erth      1%         9d1       100%        6
 Death Channel            Necr           1%         N/A       100%        6
 Sculpt Simulacrum        Ice/Alch       1%         N/A       100%        6
 Enfeeble                 Hex            1%         N/A       100%        7
 Haunt                    Necr/Summ      1%         N/A       100%        7
 Malign Gateway           Summ/Tloc      6%         N/A       100%        7
 Orb of Destruction       Conj           1%         9d5       100%        7
 Spellforged Servitor     Conj/Summ      1%         N/A       100%        7
 Summon Hydra             Summ           1%         N/A       100%        7
 Borgnjor's Revivificati  Necr           1%         N/A       100%        8
 Ignition                 Fire           1%         3d3       100%        8
 Death's Door             Necr           1%         N/A       100%        9
 Shatter                  Erth           1%         3d6*      100%        9
 Sublimation of Blood     Necr           Unusable   N/A       N/A         2

Dungeon Overview and Level Annotations

Branches:
Dungeon (15/15)            Temple (1/1) D:5            Lair (5/5) D:11
  Swamp (4/4) Lair:2        Snake (4/4) Lair:2        Slime (5/5) Lair:5
    Orc (2/2) D:9             Elf (3/3) Orc:2        Vaults (5/5) D:14
  Crypt (3/3) Vaults:3       Tomb (2/3) Crypt:3      Depths (4/4) D:15
   Hell (visited)             Dis (7/7) Hell            Geh (7/7) Hell
    Coc (7/7) Hell            Tar (7/7) Hell            Zot (5/5) Depths:4
Gauntlet (visited)

Altars:
Ashenzari
Cheibriados
Dithmenos
Elyvilon
Fedhas
Gozag
Hepliaklqana
Kikubaaqudgha
Makhleb
Nemelex Xobeh
Okawaru
Qazlal
Ru
Sif Muna
Trog
Uskayaw
Vehumet
Wu Jian
Xom
Yredelemnul
Zin
The Shining One
Jiyva
Lugonu

Shops:
D:8 *   D:14 (   Orc:2 [([*   Elf:1 (   Elf:3 ==:   Snake:3 *   Snake:4 =
Vaults:2 ?   Vaults:4 *

Portals:
Hell: Depths:1 Depths:2 Depths:3 Depths:4
Abyss: Lair:5 Depths:3
Pandemonium: Depths:2 Depths:3 Depths:4
Ziggurat: Depths:2

Annotations:
D:11 1 runed translucent door, Estrea's ghost, journeyman MiFi
Slime:5 Royal Jelly
Vaults:2 36 runed translucent doors


Innate Abilities, Weirdness & Mutations

You are a living statue of rough stone.
Your actions are slow, but your melee attacks are powerful.
You are resistant to unholy torment.
Your maximum health is greatly increased.
Your equipment is partially melded.
You are immune to poison.
((You are very nimble when in or above water. (Stealth+, EV+, Speed+++)))
Your lower body shifts to a powerful aquatic tail in water.
You have a pair of horns on your head.
((You are partially covered in iridescent scales. (AC +2)))
You are partially covered in large bone plates. (SH +4)
You have an unnaturally thin skeletal structure. (Dex +6, Stealth+++)
You have supernaturally acute eyesight. (SInv)
Armour fits poorly on your strangely shaped body.
You have an increased reservoir of magic. (+10% MP)
((You are covered in fur. (AC +1)))
You are resistant to electric shocks. (rElec)
You have acidic saliva.
((Your rubbery body absorbs attacks. (AC +1, EV +1)))
Your melee attacks may engulf your foes in ooze.
Your health recovers twice as slowly from being drained.


Message History

You cut the demonspawn warmonger into ribbons!!!!
The demonspawn warmonger convulses!!
You engulf the demonspawn warmonger in ooze!
The demonspawn warmonger is almost dead.
The demonspawn warmonger is asphyxiated!
You block the soul eater's attack.
You block the demonspawn warmonger's attack. x3
You hit the demonspawn warmonger but do no damage.
You headbutt the demonspawn warmonger, but do no damage.
The demonspawn warmonger is almost dead.
The demonspawn warmonger is asphyxiated!
The soul eater misses you.
You block the demonspawn warmonger's attack. x3
You hit the demonspawn warmonger but do no damage.
You headbutt the demonspawn warmonger, but do no damage.
Your bite misses the demonspawn warmonger.
The demonspawn warmonger is almost dead.
The demonspawn warmonger is asphyxiated!
You kill the demonspawn warmonger!
You block the soul eater's attack.
You slash the soul eater!
The soul eater convulses!
You engulf the soul eater in ooze!
The soul eater is moderately wounded.
The soul eater is asphyxiated!
You block the soul eater's attack.
You cut the soul eater into ribbons!!!!
You kill the soul eater!
No target in view!
Okay, then.
Unknown command.
What level of the Dungeon? (default 1, ? - help)
A lorocyproca comes into view.
You rampage towards the lorocyproca!
You open the lorocyproca like a pillowcase!!!!
You kill the lorocyproca!
No target in view!
What level of the Dungeon? (default 1, ? - help) You're already here!
What level of the Dungeon? (default 1, ? - help)
There is a staircase leading out of the dungeon here.
You have escaped!

#........# ###..## #...##
#........# ##..)..#####..#
###........###..#....#####.#
#...........#..#.#.....###.#
..>...........#...#......#.#
..#......#####.....#####.#.#
.##.......#...........#..#.#
.##........#.........#.....#
#########..#....8..(.#...###
#..#...........#..#
#.#####.....#####.#
#......#...#..^...#
######..#.#...##.##
#########.......#....##.#
..........#####..)##.##.#######
########### ##..###.##.#...).#
..############..####.##)#.....#


There were no monsters in sight!

Vanquished Creatures
  Cerebov (Pan)
  Antaeus (Coc:7)
  Asmodeus (Geh:7)
  Ereshkigal (Tar:7)
  Gloorx Vloq (Pan)
  Mnoleg (Pan)
  Lom Lobon (Pan)
  the Serpent of Hell (Geh:7)
  4 dread liches
  Dispater (Dis:7)
  Khufu (Crypt:1)
  6 ancient liches
  2 orbs of fire (Zot:5)
  Mara (Depths:1)
  Mennas (Depths:3)
  6 juggernauts
  12 pandemonium lords
  7 royal mummies
  Parghit (Zot:4)
  Boris (4 times) (Crypt:1 Crypt:2 Tomb:2 Depths:2)
  The ghost of Dameikh the Hoplite, a veteran FoFi of Nemelex Xobeh (Depths:4)
  27 shard shrikes
  The ghost of Hali the Executioner, a veteran FoFi of Dithmenos (Crypt:1)
  14 Killer Klowns
  Saint Roka (Elf:2)
  13 golden dragons
  2 curse toes
  23 caustic shrikes
  Geryon (Hell)
  24 profane servitors
  24 bone dragons
  Jory (Vaults:4)
  Norris (Elf:1)
  13 Brimstone Fiends
  Nikola (Elf:2)
  2 electric golems (Zot:5)
  5 doom hounds
  18 Tzitzimimeh
  6 hellephants
  16 iron giants
  18 Hell Sentinels
  23 tentacled monstrosities
  23 Ice Fiends
  25 tainted leviathans
  8 liches
  29 Orb Guardians
  Asterion (Snake:2)
  3 deep elf master archers
  14 acid blobs
  30 titans
  9 quicksilver dragons
  5 deep elf blademasters
  23 searing wretches
  A walking divine tome (Depths:3)
  56 ancient champions
  13 sphinxes
  9 tentacled starspawn (Abyss:3)
  31 Executioners
  Aizul (Snake:1)
  5 death cobs
  14 shadow dragons
  3 thorn hunters (Swamp:3)
  14 storm dragons
  5 demonspawn warmongers
  15 nagarajas
  6 azure jellies
  Donald (Swamp:3)
  8 tengu reavers
  3 fenstrider witches
  3 revenants
  8 rockslimes
  11 protean progenitors
  3 draconian knights
  40 balrugs
  21 narguns
  9 iron dragons
  12 quicksilver elementals
  7 draconian monks
  8 draconian shifters
  Louise (Snake:1)
  33 fire giants
  39 frost giants
  4 draconian scorchers
  13 ghost moths
  An emperor scorpion (D:15)
  2 ghouls (Swamp:3)
  8 deep elf sorcerers
  6 deep elf elementalists
  13 vault wardens
  24 cacodemons
  3 draconian stormcallers
  3 orc warlords
  11 juggernaut skeletons
  10 shard shrike simulacra
  3 curse skulls
  5 formless jellyfish
  4 spectral caustic shrikes
  9 demonspawn corrupters (Pan)
  4 draconian annihilators
  10 caustic shrike skeletons
  15 very ugly things
  15 ironbound preservers
  5 angels
  A broodmother (Pan)
  7 demonspawn blood saints
  4 ironbound thunderhulks
  32 reapers
  36 stone giants
  3 spriggan defenders
  15 vampire knights
  5 bunyips
  14 black draconians
  11 deep elf demonologists
  13 demonspawn black suns
  26 putrid mouths
  A starflower (Abyss:3)
  9 quicksilver oozes
  6 deep elf death magi
  8 green draconians
  Azrael (D:11)
  3 eleionomae
  2 bennus (Tomb:1)
  15 lorocyprocas
  Nessos (Lair:5)
  12 white draconians
  28 elemental wellsprings
  A minotaur (Gauntlet)
  16 deep elf annihilators
  11 dire elephants
  15 purple draconians
  12 wendigos
  12 spark wasps
  20 red draconians
  2 spectral titans
  8 eidola
  22 war gargoyles
  15 yellow draconians
  24 iron golems
  15 mummy priests
  21 blizzard demons
  3 spectral quicksilver dragons
  Josephine (Orc:1)
  20 green deaths
  6 crystal guardians
  A spriggan zombie (Abyss:3)
  5 ettins
  2 spectral iron giants
  3 spectral krakens (Tar:7)
  7 jiangshi
  11 fire dragons
  A spectral spriggan (Tar:4)
  5 deep elf high priests
  12 great orbs of eyes
  3 entropy weavers (Vaults:4)
  17 salamander tyrants
  6 rakshasas
  15 yaktaur captains
  8 ice dragons
  3 spriggan skeletons
  2 radroaches (Pan)
  4 ogre magi
  7 jorogumos (Pan)
  31 vault guards
  21 hydras
  8 caustic shrike simulacra
  A peacekeeper (Vaults:4)
  5 juggernaut simulacra
  A ghost crab (Gauntlet)
  3 hell beasts (Pan)
  The ghost of Biscolet the Skirmisher, a journeyman FoHu of Hepliaklqana (D:9)
  4 anacondas
  5 spriggan air magi
  9 alligators
  A catoblepas (Lair:1)
  19 centaur warriors
  14 stokers
  8 ironbound frosthearts
  2 death knights
  13 boulder beetles
  12 death scarabs
  5 merfolk aquamancers (Pan)
  11 two-headed ogres
  4 deep troll shamans
  4 deep troll earth magi
  55 dancing weapons
  13 death yaks (Lair:2)
  An orc high priest (Orc:2)
  2 spriggan berserkers
  8 vampire magi
  52 hell hogs
  18 naga warriors
  2 spectral dire elephants
  3 tengu warriors
  10 demonic crawlers (Pan)
  19 hell knights
  25 thrashing horrors
  13 shock serpents
  3 spectral storm dragons (Tar:1)
  19 naga sharpshooters
  102 sun demons
  7 crystal echidnas
  5 wretched stars
  31 deep elf knights
  4 titan skeletons
  44 soul eaters
  10 iron trolls
  A fire crab (shapeshifter) (Abyss:3)
  5 skysharks
  2 hellephant skeletons (Pan)
  A salamander mystic (Snake:4)
  6 shadow wraiths
  A cherub (Depths:1)
  A skyshark (shapeshifter) (Depths:3)
  2 spectral bunyips
  A storm dragon skeleton (Coc:2)
  30 sixfirhies
  A bunyip zombie (Tomb:1)
  6 sea snakes (Snake:4)
  A golden dragon zombie (Depths:3)
  A spectral anaconda (Tar:6)
  6 glowing orange brains
  A spatial maelstrom (Abyss:3)
  An anaconda zombie (Hell)
  53 large abominations
  3 quicksilver dragon simulacra
  10 arcanists
  A deep troll (shapeshifter) (Vaults:5)
  41 deep trolls
  4 goliath frogs
  29 skeletal warriors
  5 mana vipers
  A mana viper (shapeshifter) (Depths:2)
  3 flayed ghosts
  13 sun moths (Pan)
  22 shadow demons
  5 ironbound convokers
  A bunyip skeleton (Tomb:1)
  A spectral hydra (Tar:2)
  10 naga ritualists
  2 spriggan druids
  A sea snake (shapeshifter) (Elf:3)
  An anaconda skeleton (Crypt:3)
  11 lindwurms
  12 deep elf archers
  9 swamp dragons
  3 spriggan simulacra
  8 harpies (Vaults:4)
  A golden dragon skeleton (Crypt:3)
  4 orc knights
  A shadow dragon zombie (Hell)
  18 phantasmal warriors
  7 bog bodies
  36 deep elf zephyrmancers
  9 necromancers
  74 starcursed masses
  5 shining eyes
  3 orc sorcerers
  3 wolf spiders (Pan)
  3 cyclopes
  28 deep elf pyromancers
  49 ugly things
  5 manticores
  16 will-o-the-wisps
  An eleionoma zombie (Crypt:3)
  14 salamanders
  A tengu skeleton (Depths:3)
  4 worldbinders
  An iron dragon skeleton (Crypt:3)
  5 elephants (Lair:2)
  A toenail golem (D:2)
  A centaur zombie (Abyss:1)
  A spectral centaur (Tar:2)
  6 rust devils
  The ghost of Kave the Ruffian, a novice TrSh of Sif Muna (D:4)
  31 black mambas
  8 titan simulacra
  An apocalypse crab (Abyss:3)
  A stone giant skeleton (Crypt:3)
  3 kobold blastminers (Orc:2)
  3 ice statues
  A gargoyle (D:13)
  2 torpor snails
  A guardian serpent (shapeshifter) (Vaults:5)
  8 guardian serpents
  16 naga magi
  A water nymph (shapeshifter) (Abyss:2)
  34 moths of wrath
  56 smoke demons
  An eye of devastation (shapeshifter) (Depths:3)
  9 molten gargoyles
  An alligator snapping turtle zombie (Coc:2)
  3 eyes of devastation
  7 spectral swamp worms (Tar:7)
  8 vault sentinels
  3 centaur skeletons
  26 orange demons
  6 cane toads
  38 hellions
  2 dire elephant skeletons
  4 naga skeletons (Crypt:3)
  A rime drake (Lair:1)
  9 unseen horrors
  Maggie (Lair:2)
  A kobold demonologist (D:9)
  2 ice devils (Pan)
  A minotaur zombie (Gauntlet)
  A bunyip simulacrum (Coc:2)
  14 komodo dragons
  25 tormentors
  4 anaconda simulacra
  A sea snake zombie (Hell)
  25 yaktaurs
  An alligator snapping turtle skeleton (Crypt:2)
  4 tengu conjurers
  16 freezing wraiths
  A white draconian skeleton (Crypt:3)
  20 efreet
  2 iron giant simulacra
  2 catoblepas skeletons (Crypt:3)
  A harpy zombie (Tomb:1)
  14 guardian mummies
  4 spectral nagas
  27 hellwings
  8 ancient zymes
  A sea snake skeleton (Hell)
  A silent spectre (Tar:1)
  A yellow draconian skeleton (Crypt:1)
  A red devil (Pan)
  19 spectral harpies
  3 merfolk (Zot:5)
  2 golden dragon simulacra (Coc:1)
  2 hydra zombies (Hell)
  A tarantella (Vaults:4)
  A hydra skeleton (Hell)
  The ghost of Wizard1ke the Covert, a novice SpEn of Elyvilon (D:8)
  3 trolls
  A raiju (shapeshifter) (D:14)
  3 harpy skeletons
  A tarantella (shapeshifter) (Vaults:5)
  12 hornets
  A sun moth zombie (Crypt:1)
  A frost giant simulacrum (Depths:3)
  11 tyrant leeches
  22 blink frogs
  A boulder beetle zombie (Crypt:2)
  21 raiju
  A snapping turtle (shapeshifter) (Depths:1)
  5 dream sheep (Lair:5)
  3 glass eyes
  2 iron dragon simulacra
  An ettin zombie (Crypt:2)
  4 stone giant simulacra
  2 shadows
  A vampire (D:12)
  An ettin skeleton (Crypt:3)
  9 air elementals
  96 slime creatures
  A centaur simulacrum (Tomb:1)
  A spriggan (shapeshifter) (Vaults:5)
  7 wyverns
  12 wraiths
  18 spriggans
  10 fire elementals
  6 dire elephant simulacra
  A naga simulacrum (Coc:4)
  8 water elementals
  An elf simulacrum (Vaults:5)
  A guardian serpent skeleton (Crypt:2)
  31 ynoxinuls
  A merfolk skeleton (Crypt:3)
  Grum (D:10)
  7 ushabtiu
  5 golden eyes
  38 yaks
  5 basilisks
  31 vampire mosquitoes
  A steam dragon (Lair:1)
  An alligator snapping turtle simulacrum (Coc:1)
  29 chaos spawn
  A warg (Orc:1)
  8 harpy simulacra
  33 neqoxecs
  4 redbacks (Vaults:4)
  Menkaure (D:7)
  A sea snake simulacrum (Hell)
  28 small abominations
  27 nagas
  A swamp worm (shapeshifter) (Depths:1)
  14 swamp worms
  2 acid dragons
  A glowing shapeshifter zombie (Vaults:5)
  A merfolk zombie (Crypt:1)
  2 naga zombies (Hell)
  13 water moccasins
  An entropy weaver zombie (Crypt:1)
  3 hydra simulacra
  7 hell hounds
  A demonspawn skeleton (Coc:2)
  Duvessa (D:5)
  An ice beast (D:5)
  12 swamp drakes
  9 ettin simulacra
  15 ogres
  40 orc warriors
  13 laughing skulls
  2 human skeletons (Vaults:5)
  4 black bears
  9 centaurs
  A torpor snail zombie (Crypt:3)
  36 wolves
  A boggart (Depths:4)
  A manticore skeleton (Crypt:2)
  A fire crab zombie (Crypt:1)
  15 bullfrogs
  2 weeping skulls (Abyss:3)
  5 earth elementals
  2 kobold brigands
  A gnoll sergeant (D:13)
  2 brain worms
  A two-headed ogre simulacrum (Coc:1)
  3 scorpions
  A necrophage (Swamp:3)
  Dowan (D:5)
  23 wights
  6 killer bees (D:8)
  11 howler monkeys
  2 electric eels
  A bullfrog zombie (Crypt:2)
  A crimson imp (D:11)
  2 quasits
  3 hounds
  3 gnoll boudas
  17 orc priests
  2 sleepcaps
  Ijyb (D:4)
  3 jellies
  2 iron imps
  2 black bear skeletons
  10 iguanas
  32 orc wizards
  A deep dwarf skeleton (Crypt:3)
  A hound zombie (Crypt:3)
  16 mummies
  26 gnolls
  A howler monkey skeleton (Crypt:2)
  A swamp drake zombie (Crypt:3)
  13 adders
  A steam dragon skeleton (Crypt:1)
  3 shadow imps
  3 white imps
  2 ufetubi (D:7)
  A dart slug (D:2)
  A ribbon worm (D:2)
  121 orcs
  5 ball pythons
  8 endoplasms
  A giant cockroach (D:2)
  4 goblins
  6 hobgoblins
  6 jackals
  4 quokkas
  A ball python zombie (Crypt:2)
  6 bats
  A bombardier beetle zombie (Crypt:1)
  5 frilled lizards
  21 kobolds
  7 rats
  2 creeping infernos
  17 fire vortices
  5 starspawn tentacles (Abyss:3)
  7 tentacles (Tar:7)
4494 creatures vanquished.

Vanquished Creatures (others)
  A shard shrike (Coc:7)
  A pandemonium lord (Zot:5)
  A Hell Sentinel (Dis:5)
  A titan (Pan)
  An eldritch tentacle (Pan)
  An Executioner (Dis:3)
  A tentacled starspawn (Abyss:4)
  A fire giant (Zot:4)
  7 azure jellies
  A balrug (Pan)
  A draconian annihilator (Pan)
  A reaper (D:7)
  A broodmother (shapeshifter) (Abyss:4)
  A vampire knight (Depths:4)
  A wendigo (Coc:5)
  A fire dragon (Depths:4)
  A green death (Pan)
  4 great orbs of eyes
  A spriggan zombie (Coc:2)
  2 caustic shrike simulacra (Coc:7)
  A radroach (shapeshifter) (Abyss:4)
  A salamander tyrant (Geh:7)
  2 dancing weapons
  A hell hog (Hell)
  2 vampire magi
  2 sun demons
  3 deep elf knights
  A shadow wraith (Tar:6)
  A glowing orange brain (Abyss:4)
  A shining eye (Pan)
  A swamp dragon (shapeshifter) (Zot:4)
  A quicksilver dragon simulacrum (Coc:5)
  2 spriggan simulacra
  2 deep elf zephyrmancers
  A necromancer (Depths:1)
  2 deep elf pyromancers
  2 guardian serpents (shapeshifter) (Abyss:4)
  A titan simulacrum (Coc:7)
  An orange demon (Pan)
  2 smoke demons (Pan)
  2 centaur skeletons (D:14)
  A hellion (Geh:7)
  A komodo dragon (shapeshifter) (Abyss:4)
  2 anaconda simulacra
  2 bloated husks (Crypt:2)
  A hellwing (Pan)
  A blink frog (Abyss:4)
  A stone giant simulacrum (Coc:2)
  A vampire (Abyss:2)
  5 ynoxinuls (Pan)
  A dire elephant simulacrum (Coc:7)
  A naga simulacrum (Coc:7)
  16 golden eyes
  2 neqoxecs (Pan)
  A golden eye (shapeshifter) (Abyss:4)
  A chaos spawn (Zot:4)
  A small abomination (Abyss:3)
  5 harpy simulacra
  A hydra simulacrum (Coc:5)
  2 hell hounds (Hell)
  2 ettin simulacra
  A black mamba simulacrum (Coc:2)
  A boggart (Elf:1)
  An elephant skeleton (Crypt:3)
  A brain worm (Abyss:3)
  2 quasits (Abyss:3)
  387 jellies
  A mummy (Tomb:1)
  2 orcs
  29 ball lightnings
  A butterfly (Zot:4)
  3 creeping infernos (Geh:7)
  A fire vortex (Geh:7)
  41 foxfires
  5 lurking horrors
  21 starspawn tentacles
  19 tentacles (Tar:7)
626 creatures vanquished.

Grand Total: 5120 creatures vanquished

Notes
Turn   | Place    | Note
-------+----------+-------------------------------------------
     0 | D:1      | Caterwaul the Merfolk Monk began the quest for the Orb.
     0 | D:1      | Reached XP level 1. HP: 18/18 MP: 1/1
   128 | D:1      | Reached XP level 2. HP: 15/24 MP: 2/2
   437 | D:1      | Reached XP level 3. HP: 29/29 MP: 3/3
   714 | D:2      | Reached XP level 4. HP: 10/37 MP: 4/4
   946 | D:2      | Reached skill level 5 in Long Blades
  1505 | D:3      | Found a sacrificial altar of Ru.
  1505 | D:3      | Found an ornate altar of the Wu Jian Council.
  1527 | D:3      | Found a faded altar of an unknown god.
  1642 | D:3      | Reached XP level 5. HP: 42/42 MP: 5/5
  1723 | D:3      | Found a shadowy altar of Dithmenos.
  1767 | D:3      | Reached skill level 5 in Dodging
  1772 | D:3      | Found an ancient bone altar of Kikubaaqudgha.
  1772 | D:3      | Found a shimmering blue altar of Sif Muna.
  1774 | D:3      | Found a radiant altar of Vehumet.
  1779 | D:3      | Got Sif Muna's Directory of the Door
  2167 | D:4      | Noticed Ijyb
  2514 | D:4      | Found a runed translucent gate.
  2514 | D:4      | Found a runed translucent gate.
  2515 | D:4      | Found a runed translucent gate.
  2729 | D:4      | Reached XP level 6. HP: 17/49 MP: 6/6
  2978 | D:4      | Noticed Kave's ghost (novice TrSh)
  3034 | D:4      | Killed Ijyb
  3317 | D:4      | Identified the +7 whip "Nuikea" {protect, Will+ Dex+5}
  3317 | D:4      | Identified the +0 leather armour of the Valley {Rampage
                  | Stlth+}
  3385 | D:5      | Entered Level 5 of the Dungeon
  3667 | D:5      | Noticed an ice beast
  3681 | D:5      | Killed an ice beast
  3682 | D:5      | Reached skill level 5 in Fighting
  3682 | D:5      | Reached XP level 7. HP: 54/56 MP: 7/7
  4171 | D:5      | Found a staircase to the Ecumenical Temple.
  4180 | Temple   | Entered the Ecumenical Temple
  4185 | Temple   | Became a worshipper of Warmaster Okawaru
  4185 | Temple   | Reached * piety under Okawaru
  4185 | Temple   | Reached ** piety under Okawaru
  4208 | D:5      | Found the +1 Delatra's gloves {ID++}
  4261 | D:5      | Noticed Duvessa
  4261 | D:5      | Noticed Dowan
  4279 | D:5      | Killed Duvessa
  4280 | D:5      | Reached XP level 8. HP: 64/64 MP: 8/8
  4284 | D:5      | Killed Dowan
  4904 | D:6      | Found a shimmering altar of Xom.
  4916 | D:6      | Reached skill level 1 in Invocations
  5498 | D:6      | Found a hazy altar of Hepliaklqana.
  6088 | D:7      | Found a glowing golden altar of the Shining One.
  6148 | D:7      | Noticed Menkaure
  6214 | D:7      | Killed Menkaure
  6215 | D:7      | Reached skill level 10 in Long Blades
  6215 | D:7      | Reached XP level 9. HP: 29/71 MP: 9/11
  6620 | D:7      | Reached *** piety under Okawaru
  6655 | D:7      | Identified the ring "Syubar" {Int+3 Dex+6 Slay+3}
  7142 | D:8      | Noticed Wizard1ke's ghost (novice SpEn)
  7152 | D:8      | Found a runed translucent door.
  7390 | D:8      | Noticed a two-headed ogre
  7398 | D:8      | Killed a two-headed ogre
  7488 | D:8      | Noticed a two-headed ogre
  7499 | D:8      | Killed a two-headed ogre
  7500 | D:8      | Reached skill level 5 in Invocations
  7500 | D:8      | Reached XP level 10. HP: 68/80 MP: 13/13
  7561 | D:8      | Reached **** piety under Okawaru
  7631 | D:8      | Reached skill level 10 in Dodging
  7650 | D:8      | Found a hide-covered altar of Uskayaw.
  7651 | D:8      | Noticed a +0 dagger
  7652 | D:8      | Noticed a +0 falchion
  7652 | D:8      | Noticed a +0 short sword
  7653 | D:8      | Noticed a +0 dagger
  7653 | D:8      | Noticed a +0 spear
  7654 | D:8      | Noticed a +0 spear
  7654 | D:8      | Noticed a +0 falchion
  7654 | D:8      | Noticed a +0 short sword
  7790 | D:8      | Noticed a white ugly thing
  7791 | D:8      | Noticed a catoblepas
  8023 | D:8      | Found Jokkef's Assorted Antiques.
  8032 | D:8      | Bought a smoking iron amulet for 115 gold pieces
  8032 | D:8      | Identified the amulet "Wouv" {Spirit rC+} (You bought it in
                  | a shop on level 8 of the Dungeon)
  8032 | D:8      | Bought a golden potion for 20 gold pieces
  8032 | D:8      | Bought a scroll labelled FAFREC QUZO for 23 gold pieces
  8034 | D:8      | Found a basalt altar of Yredelemnul.
  8339 | D:8      | Killed Wizard1ke's ghost
  8513 | D:4      | Killed Kave's ghost
  8630 | D:4      | Identified the +0 cloak of the Pleiades {*Corrode rF+
                  | rN+++}
  8947 | D:9      | Noticed a kobold demonologist
  8952 | D:9      | Killed a kobold demonologist
  8985 | D:9      | Found a staircase to the Orcish Mines.
  9031 | D:9      | Reached XP level 11. HP: 75/89 MP: 11/14
  9370 | D:9      | Reached ***** piety under Okawaru
  9484 | D:9      | Found a runed translucent gate.
  9484 | D:9      | Found a runed translucent gate.
  9484 | D:9      | Found a runed translucent gate.
  9485 | D:9      | Noticed Biscolet's ghost (journeyman FoHu)
  9753 | D:10     | Entered Level 10 of the Dungeon
  9760 | D:10     | Noticed a two-headed ogre
  9767 | D:10     | Killed a two-headed ogre
 10051 | D:10     | Noticed Grum
 10054 | D:10     | Reached skill level 10 in Fighting
 10068 | D:10     | Killed Grum
 10140 | D:10     | Identified 2 scrolls of acquirement
 10255 | D:10     | Identified the +9 halberd of Res Judicata {freeze, rPois
                  | rC+ rCorr}
 10497 | D:11     | Received a gift from Okawaru
 10498 | D:11     | Reached skill level 15 in Long Blades
 10510 | D:11     | Reached skill level 1 in Stealth
 10554 | D:11     | Noticed a boulder beetle
 10566 | D:11     | Killed a boulder beetle
 10579 | D:11     | Reached skill level 1 in Armour
 10656 | D:11     | Found a staircase to the Lair.
 10666 | D:11     | Noticed a two-headed ogre
 10680 | D:11     | Killed a two-headed ogre
 10836 | D:11     | Noticed a manticore
 10844 | D:11     | Killed a manticore
 11029 | D:11     | Noticed a deep elf pyromancer
 11033 | D:11     | Killed a deep elf pyromancer
 11131 | D:11     | Noticed a deep elf zephyrmancer
 11136 | D:11     | Killed a deep elf zephyrmancer
 11136 | D:11     | Received a gift from Okawaru
 11230 | D:11     | Noticed Estrea's ghost (journeyman MiFi)
 11241 | D:11     | Found a runed translucent door.
 11253 | D:11     | Noticed a two-headed ogre
 11255 | D:11     | Noticed a manticore
 11261 | D:11     | Killed a two-headed ogre
 11262 | D:11     | Reached XP level 12. HP: 65/99 MP: 9/16
 11360 | D:11     | Noticed a two-headed ogre
 11373 | D:11     | Killed a two-headed ogre
 11704 | D:12     | Noticed Azrael
 11827 | D:11     | Killed Azrael
 11967 | Lair:1   | Entered Level 1 of the Lair of Beasts
 12057 | Lair:1   | Reached skill level 5 in Stealth
 12150 | Lair:1   | Reached ****** piety under Okawaru
 12218 | Lair:1   | Noticed a skyshark
 12227 | Lair:1   | Killed a skyshark
 12274 | Lair:1   | Identified the +1 buckler "Kicu" {rPois Int+3}
 12369 | Lair:1   | Reached skill level 1 in Shields
 12466 | Lair:1   | Received a gift from Okawaru
 12627 | Lair:1   | Reached skill level 1 in Throwing
 12806 | Lair:1   | Noticed an eight-headed hydra
 12816 | Lair:1   | Killed a four-headed hydra
 12817 | Lair:1   | Reached XP level 13. HP: 96/106 MP: 13/18
 12945 | Lair:1   | Reached skill level 5 in Shields
 12991 | Lair:1   | Received a gift from Okawaru
 13210 | Lair:2   | Reached skill level 5 in Throwing
 13259 | Lair:2   | Received a gift from Okawaru
 13260 | Lair:2   | Reached skill level 1 in Shapeshifting
 14146 | Lair:2   | Noticed Maggie
 14161 | Lair:2   | Killed Maggie
 14180 | Lair:2   | Found a staircase to the Swamp.
 14460 | Lair:2   | Found a staircase to the Snake Pit.
 14905 | Lair:3   | Reached XP level 14. HP: 101/115 MP: 20/20
 15034 | Lair:3   | Received a gift from Okawaru
 15994 | Lair:4   | Identified the +2 ring mail of Compassion {+Inv Will+ Int-5
                  | Slay+3}
 16182 | Lair:5   | Entered Level 5 of the Lair of Beasts
 16280 | Lair:5   | Noticed Nessos
 16379 | Lair:5   | Killed Nessos
 16379 | Lair:5   | Received a gift from Okawaru
 16698 | Lair:5   | Found a staircase to the Slime Pits.
 17292 | Lair:5   | Received a gift from Okawaru
 17412 | Lair:5   | Found a corrupted altar of Lugonu.
 17412 | Lair:5   | Found a one-way gate to the infinite horrors of the Abyss.
 17570 | Lair:5   | Identified the +3 leather armour of Guthah {rCorr}
 17694 | Lair:5   | Reached skill level 5 in Shapeshifting
 18057 | Orc:1    | Entered Level 1 of the Orcish Mines
 18076 | Orc:1    | Reached skill level 5 in Armour
 18312 | Orc:2    | Entered Level 2 of the Orcish Mines
 18344 | Orc:2    | Reached XP level 15. HP: 123/123 MP: 22/22
 18505 | Orc:2    | Received a gift from Okawaru
 18754 | Orc:2    | Reached skill level 10 in Invocations
 18836 | Orc:2    | Found Ubbamatu's Armour Shoppe.
 18954 | Orc:2    | Found Rili's General Store.
 19125 | Orc:2    | Found a staircase to the Elven Halls.
 19279 | Orc:2    | Noticed an orc warlord
 19455 | Orc:2    | Killed an orc warlord
 19490 | Orc:2    | Found Zunyat's Antique Weapon Shop.
 19492 | Orc:2    | Found Hietz's Antique Armour Boutique.
 19505 | Orc:2    | Bought a twisted demon blade for 720 gold pieces
 19505 | Orc:2    | Identified the +12 demon blade of Uziuhif {flame, rC+
                  | Int+7} (You bought it in a shop on level 2 of the Orcish
                  | Mines)
 19577 | Orc:1    | Noticed Josephine
 19586 | Orc:1    | Killed Josephine
 19590 | Orc:1    | Received a gift from Okawaru
 19924 | D:9      | Reached skill level 15 in Dodging
 19927 | D:9      | Killed Biscolet's ghost
 20847 | D:12     | Found a large runed translucent door.
 20847 | D:12     | Found a large runed translucent door.
 21215 | D:13     | Received a gift from Okawaru
 21247 | D:13     | Found a gate leading to a gauntlet.
 21256 | Gauntlet | Entered a Gauntlet
 21256 | Gauntlet | Found a transporter.
 21266 | Gauntlet | Found a transporter.
 21281 | Gauntlet | Found a transporter.
 21286 | Gauntlet | Found a transporter.
 21307 | Gauntlet | Found a transporter.
 21320 | Gauntlet | Found a transporter.
 21328 | Gauntlet | Found a large runed translucent door.
 21329 | Gauntlet | Found a large runed translucent door.
 21330 | Gauntlet | Found a large runed translucent door.
 21330 | Gauntlet | Found a large runed translucent door.
 21331 | Gauntlet | Found a runed translucent gate.
 21332 | Gauntlet | Found a transporter.
 21332 | Gauntlet | Found a runed translucent gate.
 21333 | Gauntlet | Found a runed translucent gate.
 21334 | Gauntlet | Found a large runed translucent door.
 21334 | Gauntlet | Found a large runed translucent door.
 21335 | Gauntlet | Found a large runed translucent door.
 21336 | Gauntlet | Found a large runed translucent door.
 21344 | Gauntlet | Found a transporter.
 21356 | Gauntlet | Found a transporter.
 21368 | Gauntlet | Found a transporter.
 21385 | Gauntlet | Found a transporter.
 21403 | Gauntlet | Found a transporter.
 21405 | Gauntlet | Found a transporter.
 21430 | Gauntlet | Found a transporter.
 21432 | Gauntlet | Found a transporter.
 21452 | Gauntlet | Found a transporter.
 21526 | Gauntlet | Found a large runed translucent door.
 21526 | Gauntlet | Found a large runed translucent door.
 21526 | Gauntlet | Found a runed translucent door.
 21526 | Gauntlet | Found a runed translucent door.
 21527 | Gauntlet | Found a large runed translucent door.
 21528 | Gauntlet | Found a large runed translucent door.
 21530 | Gauntlet | Found a transporter.
 21546 | Gauntlet | Found a large runed translucent door.
 21546 | Gauntlet | Found a large runed translucent door.
 21547 | Gauntlet | Found a large runed translucent door.
 21548 | Gauntlet | Found a large runed translucent door.
 21552 | Gauntlet | Found a transporter.
 21842 | Gauntlet | Identified the amulet of Ceaxt {RegenMP rCorr Str+3 Slay+3}
 21846 | Gauntlet | Identified the staff of Eranon {rPois rC+ Int+2 Tloc
                  | Alchemy}
 21873 | Gauntlet | Got Jyrphos's Directory of Unlucky Displacement
 21875 | Gauntlet | Reached XP level 16. HP: 131/133 MP: 23/23
 22256 | D:13     | Found a corrupted altar of Lugonu.
 22712 | D:14     | Received a gift from Okawaru
 22782 | D:14     | Found Sireut's Weapon Emporium.
 22896 | D:14     | Identified the +2 scale mail "Tain" {rPois}
 23090 | D:14     | Reached XP level 17. HP: 126/140 MP: 22/24
 23576 | D:14     | Found a gate to the Vaults.
 23646 | D:15     | Entered Level 15 of the Dungeon
 23653 | D:15     | Received a gift from Okawaru
 23944 | D:15     | Found a staircase to the Depths.
 24909 | Swamp:1  | Entered Level 1 of the Swamp
 25139 | Swamp:1  | Reached skill level 15 in Fighting
 25269 | Swamp:1  | Identified the +4 quarterstaff of the Exiled Ziggurats
                  | {heavy, rCorr Str+3}
 25790 | Swamp:2  | Received a gift from Okawaru
 25984 | Swamp:2  | You fall into a shaft and drop 1 floor!
 26324 | Swamp:3  | Received a gift from Okawaru
 26639 | Swamp:3  | Reached skill level 10 in Shields
 26947 | Swamp:3  | Noticed Donald
 26955 | Swamp:3  | Killed Donald
 27005 | Swamp:3  | Received a gift from Okawaru
 27006 | Swamp:3  | Reached XP level 18. HP: 135/150 MP: 23/26
 27370 | Swamp:4  | Entered Level 4 of the Swamp
 27442 | Swamp:3  | Reached skill level 10 in Shapeshifting
 28083 | Swamp:4  | Received a gift from Okawaru
 28736 | Swamp:4  | Got a decaying rune of Zot
 28939 | Snake:1  | Entered Level 1 of the Snake Pit
 29275 | Snake:1  | Noticed Louise
 29284 | Snake:1  | Killed Louise
 29501 | Snake:1  | Identified the serpent talisman of Wariness {*Slow rElec
                  | rCorr Str+4}
 29501 | Snake:1  | Noticed Aizul
 29516 | Snake:1  | Killed Aizul
 30340 | Snake:2  | Learned a level 1 spell: Apportation
 30346 | Snake:2  | Learned a level 2 spell: Blink
 30368 | Snake:2  | Received a gift from Okawaru
 30602 | Snake:2  | Reached skill level 1 in Spellcasting
 30604 | Snake:2  | Reached skill level 1 in Translocations
 30912 | Snake:2  | Acquired the amulet of Tedos {Faith Dex+5 SInv}
 31142 | Snake:2  | Reached skill level 15 in Shapeshifting
 32126 | Snake:3  | Noticed Asterion
 32129 | Snake:3  | Gained mutation: You are vulnerable to cold. (rC-) [a
                  | cacodemon]
 32150 | Snake:2  | Killed Asterion
 32151 | Snake:2  | Reached XP level 19. HP: 110/156 MP: 11/27
 32311 | Snake:3  | Received a gift from Okawaru
 32717 | Snake:3  | Found Loron's Neck Hole.
 32754 | Snake:3  | Bought the amulet "Ozevoeh" {Acrobat rN+ Regen+} for 618
                  | gold pieces
 32754 | Snake:3  | Bought a scarf of resistance for 480 gold pieces
 33048 | Snake:4  | Entered Level 4 of the Snake Pit
 33232 | Snake:4  | Received a gift from Okawaru
 33910 | Snake:4  | Received a gift from Okawaru
 33980 | Snake:4  | Found Ralanugu's Jewellery Shoppe.
 34059 | Snake:4  | Acquired a +2 demon blade of venom
 34372 | Snake:4  | Got a serpentine rune of Zot
 34797 | Vaults:1 | Entered Level 1 of the Vaults
 35061 | Vaults:1 | Reached XP level 20. HP: 165/165 MP: 29/29
 35206 | Vaults:1 | Received a gift from Okawaru
 35966 | Vaults:2 | You fall into a shaft and drop 2 floors!
 35983 | Vaults:4 | Noticed Jory
 35992 | Vaults:4 | Killed Jory
 36192 | Vaults:4 | Received a gift from Okawaru
 36616 | Vaults:4 | Received a gift from Okawaru
 36806 | Vaults:4 | Found Byulu's Assorted Antiques.
 36840 | Vaults:4 | Bought a scroll of teleportation for 51 gold pieces
 36935 | Vaults:4 | Reached XP level 21. HP: 171/171 MP: 4/30
 37051 | Vaults:4 | Identified the serpent talisman "Edilur" {Str+2}
 37100 | Vaults:4 | Reached skill level 15 in Shields
 37679 | Vaults:2 | Received a gift from Okawaru
 38114 | Vaults:2 | Found a huge runed translucent gate.
 38114 | Vaults:2 | Found a huge runed translucent gate.
 38114 | Vaults:2 | Found a huge runed translucent gate.
 38114 | Vaults:2 | Found a huge runed translucent gate.
 38114 | Vaults:2 | Found a huge runed translucent gate.
 38114 | Vaults:2 | Found a huge runed translucent gate.
 38115 | Vaults:2 | Found a huge runed translucent gate.
 38115 | Vaults:2 | Found a huge runed translucent gate.
 38115 | Vaults:2 | Found a huge runed translucent gate.
 38115 | Vaults:2 | Found a huge runed translucent gate.
 38115 | Vaults:2 | Found a huge runed translucent gate.
 38116 | Vaults:2 | Found a huge runed translucent gate.
 38117 | Vaults:2 | Found a huge runed translucent gate.
 38118 | Vaults:2 | Found a huge runed translucent gate.
 38119 | Vaults:2 | Found a huge runed translucent gate.
 38120 | Vaults:2 | Found a huge runed translucent gate.
 38120 | Vaults:2 | Found a huge runed translucent gate.
 38125 | Vaults:2 | Found a huge runed translucent gate.
 38126 | Vaults:2 | Found a huge runed translucent gate.
 38126 | Vaults:2 | Found a huge runed translucent gate.
 38126 | Vaults:2 | Found a huge runed translucent gate.
 38126 | Vaults:2 | Found a huge runed translucent gate.
 38129 | Vaults:2 | Found a huge runed translucent gate.
 38130 | Vaults:2 | Found a huge runed translucent gate.
 38131 | Vaults:2 | Found a huge runed translucent gate.
 38131 | Vaults:2 | Found a huge runed translucent gate.
 38136 | Vaults:2 | Found a huge runed translucent gate.
 38136 | Vaults:2 | Found a huge runed translucent gate.
 38138 | Vaults:2 | Found a huge runed translucent gate.
 38138 | Vaults:2 | Found a huge runed translucent gate.
 38147 | Vaults:2 | Found a huge runed translucent gate.
 38148 | Vaults:2 | Found a huge runed translucent gate.
 38149 | Vaults:2 | Found a huge runed translucent gate.
 38150 | Vaults:2 | Found a huge runed translucent gate.
 38150 | Vaults:2 | Found a huge runed translucent gate.
 38155 | Vaults:2 | Found a huge runed translucent gate.
 38225 | Vaults:2 | Found Niganuis's Magic Scroll Shoppe.
 38234 | Vaults:2 | Bought a scroll of enchant armour for 75 gold pieces
 38234 | Vaults:2 | Bought a scroll of teleportation for 30 gold pieces
 38234 | Vaults:2 | Bought a scroll of fog for 40 gold pieces
 38234 | Vaults:2 | Bought 2 scrolls of revelation for 150 gold pieces
 38234 | Vaults:2 | Bought a scroll of enchant armour for 75 gold pieces
 38282 | Vaults:2 | Received a gift from Okawaru
 38756 | Vaults:3 | Found a staircase to the Crypt.
 38986 | Vaults:3 | Received a gift from Okawaru
 39158 | Vaults:3 | Identified the +2 leather armour "Leimow" {*Slow rC+ rN+
                  | Dex+6}
 39644 | Elf:1    | Entered Level 1 of the Elven Halls
 39654 | Elf:1    | Paralysed by an air elemental for 1 turns
 39695 | Elf:1    | Found Lellypp's Weapon Shoppe.
 40418 | Elf:1    | Noticed Norris
 40423 | Elf:1    | Killed Norris
 40795 | Elf:2    | Reached XP level 22. HP: 181/181 MP: 31/31
 40874 | Elf:2    | Received a gift from Okawaru
 41186 | Elf:2    | Noticed Saint Roka
 41196 | Elf:2    | Killed Saint Roka
 41333 | Elf:2    | Found a runed translucent gate.
 41334 | Elf:2    | Found a runed translucent gate.
 41334 | Elf:2    | Found a runed translucent gate.
 41368 | Elf:2    | Noticed Nikola
 41382 | Elf:2    | Killed Nikola
 41740 | Elf:3    | Entered Level 3 of the Elven Halls
 41820 | Elf:3    | Found Voumon's Jewellery Shoppe.
 41821 | Elf:3    | Found Cigoh's Book Shop.
 41822 | Elf:3    | Found Uddaumih's Jewellery Shoppe.
 41944 | Elf:3    | Received a gift from Okawaru
 42583 | Elf:3    | Identified the ring of the Turtle {rElec rF+}
 42605 | Elf:3    | Identified the ring "Ugeuggus" {rC+ Str-3 Dex+6}
 42775 | Elf:3    | Received a gift from Okawaru
 42941 | Elf:3    | Found the +8 longbow "Zephyr" {speed, Dex+3 SInv}
 42949 | Elf:3    | Identified the +0 cloak "Pulyorgh" {Rampage rElec Will+
                  | Str-2}
 42974 | Elf:3    | Got the Opusculum on the Volcano
 42993 | Elf:3    | Identified the +1 pair of gloves of the Trilobite {Str+8}
 43586 | Depths:1 | Entered Level 1 of the Depths
 43681 | Depths:1 | Identified the +3 dagger of the Eggplant {elec, Int+3}
 44035 | Depths:1 | Noticed Mara
 44055 | Depths:1 | Noticed Caterwaul's illusion
 44062 | Depths:1 | Killed Mara
 44088 | Depths:1 | Received a gift from Okawaru
 44240 | Depths:1 | Reached XP level 23. HP: 179/192 MP: 26/32
 44291 | Depths:1 | Found a gateway to Hell.
 44822 | Depths:2 | Found a one-way gate leading to the halls of Pandemonium.
 44873 | Depths:2 | Received a gift from Okawaru
 44913 | Depths:2 | Found a one-way gateway to a ziggurat.
 45126 | Depths:2 | Found a white marble altar of Elyvilon.
 45646 | Depths:3 | Received a gift from Okawaru
 45723 | Depths:3 | Noticed Mennas
 45760 | Depths:3 | Killed Mennas
 46121 | Depths:3 | Noticed a juggernaut
 46124 | Depths:3 | Killed a juggernaut
 46190 | Depths:3 | Received a gift from Okawaru
 46225 | Depths:3 | Noticed a caustic shrike
 46231 | Depths:3 | Killed a caustic shrike
 46626 | Depths:3 | Reached XP level 24. HP: 202/202 MP: 32/32
 46910 | Depths:4 | Entered Level 4 of the Depths
 46990 | Depths:4 | Received a gift from Okawaru
 47004 | Depths:4 | Acquired the ring "Cuhy" {rElec rC+ rN+ Will+}
 47090 | Depths:4 | Found a runed translucent gate.
 47238 | Depths:4 | Found a runed translucent gate.
 47238 | Depths:4 | Found a runed translucent gate.
 47240 | Depths:4 | Identified the ring "Katre" {+Blink rF- rCorr Dex+6 SInv}
 47241 | Depths:4 | Noticed Dameikh's ghost (veteran FoFi)
 47553 | Depths:4 | Received a gift from Okawaru
 47611 | Depths:4 | Found a gate to the Realm of Zot.
 48018 | Depths:4 | Gained mutation: You are dopey. (Int -2) [mutagenic glow]
 48023 | Depths:4 | Gained mutation: You sometimes lose your temper in combat.
                  | [mutagenic glow]
 48038 | Depths:4 | Killed Dameikh's ghost
 48041 | Depths:4 | Gained mutation: Your body sometimes deteriorates upon
                  | taking damage. [mutagenic glow]
 48057 | Depths:4 | Lost mutation: You sometimes lose your temper in combat.
                  | [mutagenic glow]
 48063 | Depths:4 | Gained mutation: Armour fits poorly on your strangely
                  | shaped body. [mutagenic glow]
 48068 | Depths:4 | Gained mutation: You sometimes lose your temper in combat.
                  | [mutagenic glow]
 48181 | Depths:4 | Identified the +2 helmet of the Loofah {+Blink Fly rN+++
                  | Int-5}
 48539 | Orc:2    | Bought a scroll of enchant armour for 97 gold pieces
 48539 | Orc:2    | Bought a potion of heal wounds for 65 gold pieces
 48539 | Orc:2    | Bought a potion of haste for 130 gold pieces
 48539 | Orc:2    | Bought a potion of heal wounds for 65 gold pieces
 48539 | Orc:2    | Bought a potion of might for 52 gold pieces
 48903 | Vaults:5 | Entered Level 5 of the Vaults
 49591 | Vaults:5 | Identified the staff of Death's Door {rElec rC+ rN+ Str-3
                  | Necro}
 49637 | Vaults:5 | Received a gift from Okawaru
 50008 | Vaults:5 | Received a gift from Okawaru
 50009 | Vaults:5 | Reached XP level 25. HP: 211/211 MP: 33/33
 50074 | Vaults:5 | Identified the +3 falchion "Zymaogoa" {holy, rC+ Str+4}
 50171 | Vaults:5 | Got a silver rune of Zot
 50377 | Vaults:5 | Received a gift from Okawaru
 51370 | Vaults:5 | Acquired a +2 double sword of holy wrath
 51370 | Vaults:5 | Received a gift from Okawaru
 51371 | Vaults:5 | Acquired the +0 pair of boots "Itroman" {rC+ Str+2}
 51371 | Vaults:5 | Received a gift from Okawaru
 52120 | Zot:1    | Entered Level 1 of the Realm of Zot
 52238 | Zot:1    | Received a gift from Okawaru
 53057 | Zot:1    | Gained mutation: You are clumsy. (Dex -2) [a shining eye]
 53058 | Zot:1    | Gained mutation: You are very clumsy. (Dex -4) [a shining
                  | eye]
 53059 | Zot:1    | Gained mutation: You have an uncontrollable temper. [a
                  | shining eye]
 53060 | Zot:1    | Gained mutation: You are frail. (-10% HP) [a shining eye]
 53063 | Zot:1    | Gained mutation: Your body often deteriorates upon taking
                  | damage. [a shining eye]
 53063 | Zot:1    | Gained mutation: You expend magic power (3 MP) to
                  | strengthen your wands. [a shining eye]
 53109 | Zot:1    | Received a gift from Okawaru
 53656 | Slime:1  | Entered Level 1 of the Pits of Slime
 54097 | Slime:3  | Gained mutation: You occasionally lose the ability to drink
                  | potions when taking damage. [a shining eye]
 54103 | Slime:3  | Reached XP level 26. HP: 199/199 MP: 33/33
 55173 | Slime:4  | Gained mutation: You are occasionally teleported next to
                  | monsters. [a shining eye]
 55174 | Slime:4  | Gained mutation: You are weak. (Str -2) [a shining eye]
 55190 | Arena    | Entered the Arena
 55205 | Slime:4  | Received a gift from Okawaru
 55208 | Slime:4  | HP: 12/387 [titanic slime creature (81)]
 55324 | Slime:3  | Lost mutation: You have an uncontrollable temper. [potion
                  | of mutation]
 55324 | Slime:3  | Lost mutation: Armour fits poorly on your strangely shaped
                  | body. [potion of mutation]
 55324 | Slime:3  | Lost mutation: You are weak. (Str -2) [potion of mutation]
 55325 | Slime:3  | Lost mutation: You are occasionally teleported next to
                  | monsters. [potion of mutation]
 55325 | Slime:3  | Lost mutation: Your body often deteriorates upon taking
                  | damage. [potion of mutation]
 55326 | Slime:3  | Lost mutation: Your body sometimes deteriorates upon taking
                  | damage. [potion of mutation]
 55326 | Slime:3  | Lost mutation: You are vulnerable to cold. (rC-) [potion of
                  | mutation]
 55326 | Slime:3  | Lost mutation: You occasionally lose the ability to drink
                  | potions when taking damage. [potion of mutation]
 55326 | Slime:3  | Gained mutation: You have supernaturally acute eyesight.
                  | (SInv) [potion of mutation]
 55326 | Slime:3  | Lost mutation: You sometimes lose your temper in combat.
                  | [potion of mutation]
 55326 | Slime:3  | Lost mutation: You are frail. (-10% HP) [potion of
                  | mutation]
 55326 | Slime:3  | Gained mutation: Your system is resistant to poisons.
                  | (rPois) [potion of mutation]
 55759 | Slime:5  | Entered Level 5 of the Pits of Slime
 55784 | Slime:5  | Found a viscous altar of Jiyva.
 55832 | Slime:5  | Noticed the Royal Jelly
 55833 | Slime:5  | Fell from the grace of Okawaru
 55833 | Slime:5  | Became a worshipper of Jiyva Jasitoel the Shapeless
 57466 | Lair:5   | Voluntarily entered the Abyss.
 57484 | Abyss:1  | Found a corrupted altar of Lugonu.
 57575 | Abyss:1  | Found a corrupted altar of Lugonu.
 57847 | Abyss:2  | Reached * piety under Jiyva
 57866 | Abyss:2  | Gained mutation: You are frail. (-10% HP) [a neqoxec]
 57869 | Abyss:2  | Gained mutation: You do not regenerate when monsters are
                  | visible. [a neqoxec]
 57869 | Abyss:2  | Paralysed by accursed screaming for 1 turns
 57873 | Abyss:2  | Paralysed by accursed screaming for 1 turns
 57875 | Abyss:2  | Paralysed by accursed screaming for 1 turns
 57984 | Lair:5   | Escaped the Abyss
 58319 | Crypt:1  | Entered Level 1 of the Crypt
 58383 | Crypt:1  | Noticed a royal mummy
 58385 | Crypt:1  | Noticed a royal mummy
 58392 | Crypt:1  | Noticed Khufu
 58394 | Crypt:1  | Killed a royal mummy
 58550 | Crypt:1  | Reached ** piety under Jiyva
 58552 | Crypt:1  | Found a large runed translucent door.
 58603 | Crypt:1  | Killed Khufu
 58612 | Crypt:1  | Killed a royal mummy
 58766 | Crypt:1  | Found a large runed translucent door.
 58873 | Crypt:1  | Noticed Boris
 58879 | Crypt:1  | Killed Boris
 59146 | Crypt:1  | Noticed Hali's ghost (veteran FoFi)
 59240 | Crypt:1  | Killed Hali's ghost
 59274 | Crypt:2  | Reached skill level 10 in Throwing
 59413 | Crypt:2  | Noticed Boris
 59427 | Crypt:2  | Killed Boris
 59431 | Crypt:2  | Reached *** piety under Jiyva
 59449 | Crypt:2  | Found a transporter.
 59528 | Crypt:2  | Identified the amulet of Posasuv {Acrobat Will+ rCorr
                  | Dex-4}
 59619 | Crypt:2  | Got Epicemye's Octavo of Mud and the Retinue
 59623 | Crypt:2  | Lost mutation: You have supernaturally acute eyesight.
                  | (SInv) [Jiyva's grace]
 59623 | Crypt:2  | Lost mutation: You are very clumsy. (Dex -4) [Jiyva's
                  | grace]
 59623 | Crypt:2  | Lost mutation: Your system is resistant to poisons. (rPois)
                  | [Jiyva's grace]
 59623 | Crypt:2  | Gained mutation: You are somewhat resistant to further
                  | mutation. [Jiyva's grace]
 59623 | Crypt:2  | Gained mutation: You are somewhat resistant to both further
                  | mutation and mutation removal. [Jiyva's grace]
 59623 | Crypt:2  | Gained mutation: You are almost entirely resistant to
                  | further mutation and mutation removal. [Jiyva's grace]
 59623 | Crypt:2  | Gained mutation: You have a pair of small horns on your
                  | head. [Jiyva's grace]
 59759 | Crypt:2  | Found a transporter.
 59889 | Crypt:2  | Noticed an ancient lich
 59893 | Crypt:2  | Paralysed by a vampire knight for 5 turns
 59906 | Crypt:2  | Killed an ancient lich
 59937 | Crypt:2  | Identified the +3 leather armour "Cieqoxko" {rC- Will+
                  | Str+2}
 59939 | Crypt:2  | Identified the ring "Geret" {^Drain rF- EV+5 Str+6 Dex+2}
 59952 | Crypt:2  | Identified the ring of Huot {Fly rElec}
 60036 | Crypt:3  | Entered Level 3 of the Crypt
 60117 | Crypt:3  | Reached XP level 27. HP: 207/207 MP: 34/34
 60163 | Crypt:3  | Reached **** piety under Jiyva
 60458 | Crypt:3  | Found a staircase to the Tomb.
 60884 | Crypt:3  | Reached skill level 15 in Invocations
 60929 | Crypt:3  | Reached skill level 27 in Dodging
 61099 | Crypt:3  | Noticed a dread lich
 61106 | Crypt:3  | Killed a dread lich
 61752 | Depths:3 | Voluntarily entered the Abyss.
 61859 | Abyss:3  | Found a corrupted altar of Lugonu.
 61865 | Abyss:3  | Found a corrupted altar of Lugonu.
 61930 | Abyss:3  | Noticed a dread lich
 61941 | Abyss:3  | Killed a dread lich
 61946 | Abyss:3  | Paralysed by accursed screaming for 1 turns
 61953 | Abyss:3  | Paralysed by accursed screaming for 2 turns
 62170 | Abyss:3  | Found a corrupted altar of Lugonu.
 62276 | Depths:3 | Escaped the Abyss
 62304 | Depths:3 | Voluntarily entered the Abyss.
 62412 | Abyss:4  | Lost mutation: You are clumsy. (Dex -2) [Jiyva's grace]
 62412 | Abyss:4  | Lost mutation: You are dopey. (Int -2) [Jiyva's grace]
 62412 | Abyss:4  | Gained mutation: Your body has grown eyes which may confuse
                  | attackers. (Acc +3) [Jiyva's grace]
 62412 | Abyss:4  | Gained mutation: Your body has grown many eyes which may
                  | confuse attackers. (Acc +5) [Jiyva's grace]
 62412 | Abyss:4  | Gained mutation: Your body is covered in eyes which may
                  | confuse attackers. (Acc +7, SInv) [Jiyva's grace]
 62412 | Abyss:4  | Gained mutation: Your mind is acute. (Int +4, Str/Dex -1)
                  | [Jiyva's grace]
 62482 | Abyss:4  | Noticed an ancient lich
 62490 | Abyss:4  | Killed an ancient lich
 62532 | Abyss:4  | Got an abyssal rune of Zot
 62650 | Abyss:4  | Paralysed by accursed screaming for 1 turns
 62676 | Depths:3 | Escaped the Abyss
 62855 | Zot:2    | Reached ***** piety under Jiyva
 63951 | Zot:3    | You fall into a shaft and drop 1 floor!
 64098 | Zot:4    | Noticed Parghit
 64108 | Zot:4    | Killed Parghit
 64307 | Zot:4    | Lost mutation: You are almost entirely resistant to further
                  | mutation and mutation removal. [Jiyva's grace]
 64307 | Zot:4    | Lost mutation: You are somewhat resistant to both further
                  | mutation and mutation removal. [Jiyva's grace]
 64307 | Zot:4    | Lost mutation: Your body is covered in eyes which may
                  | confuse attackers. (Acc +7, SInv) [Jiyva's grace]
 64307 | Zot:4    | Lost mutation: You expend magic power (3 MP) to strengthen
                  | your wands. [Jiyva's grace]
 64307 | Zot:4    | Gained mutation: Your melee attacks may engulf your foes in
                  | ooze. [Jiyva's grace]
 64307 | Zot:4    | Gained mutation: You possess an exceptional clarity of
                  | mind. [Jiyva's grace]
 64307 | Zot:4    | Gained mutation: You are covered in fur. (AC +1) [Jiyva's
                  | grace]
 64307 | Zot:4    | Gained mutation: You are covered in thick fur. (AC +2)
                  | [Jiyva's grace]
 64307 | Zot:4    | Found a shimmering altar of Xom.
 64307 | Zot:4    | Found a shimmering altar of Xom.
 64307 | Zot:4    | Found a glowing silver altar of Zin.
 64509 | Zot:4    | Reached ****** piety under Jiyva
 64553 | Zot:4    | Was forgiven by Okawaru
 65086 | Zot:5    | Entered Level 5 of the Realm of Zot
 65239 | Zot:5    | Reached skill level 10 in Armour
 65276 | Zot:5    | Reached skill level 27 in Long Blades
 66212 | Hell     | Entered the Vestibule of Hell
 66212 | Hell     | Noticed Geryon
 66392 | Hell     | Killed Geryon
 66455 | Hell     | Found a gateway to the decaying netherworld of Tartarus.
 66525 | Hell     | Found a gateway to the freezing wastes of Cocytus.
 66714 | Hell     | Found a gateway to the Iron City of Dis.
 66783 | Hell     | Found a gateway to the ashen valley of Gehenna.
 67253 | Zot:5    | Noticed an ancient lich
 67271 | Zot:5    | Killed an ancient lich
 67325 | Zot:5    | Noticed an orb of fire
 67407 | Zot:5    | Lost mutation: Your body has grown many eyes which may
                  | confuse attackers. (Acc +5) [mutagenic glow]
 67413 | Zot:5    | Gained mutation: You are vulnerable to cold. (rC-)
                  | [mutagenic glow]
 67559 | Zot:5    | Killed an orb of fire
 67642 | Zot:5    | Noticed an orb of fire
 67644 | Zot:5    | Lost mutation: You possess an exceptional clarity of mind.
                  | [Jiyva's grace]
 67644 | Zot:5    | Lost mutation: Your mind is acute. (Int +4, Str/Dex -1)
                  | [Jiyva's grace]
 67644 | Zot:5    | Lost mutation: You do not regenerate when monsters are
                  | visible. [Jiyva's grace]
 67644 | Zot:5    | Gained mutation: You possess an exceptional clarity of
                  | mind. [Jiyva's grace]
 67644 | Zot:5    | Gained mutation: Your mind is acute. (Int +4, Str/Dex -1)
                  | [Jiyva's grace]
 67644 | Zot:5    | Gained mutation: Your mind is very acute. (Int +8, Str/Dex
                  | -2) [Jiyva's grace]
 67644 | Zot:5    | Gained mutation: You are partially covered in iridescent
                  | scales. (AC +2) [Jiyva's grace]
 68017 | Zot:5    | Noticed a dread lich
 68026 | Zot:5    | Killed a dread lich
 68411 | Zot:5    | Killed an orb of fire
 69210 | Slime:5  | Identified the +1 mace of Xateazea {flame, rPois Int-2
                  | Dex+3}
 69217 | Slime:5  | Identified the ring "Riguamec" {Str+3 Int+2 Dex+6 Stlth+}
 69231 | Slime:5  | Identified the ring "Iskyolaf" {rElec rF+ Int+4}
 69241 | Slime:5  | Identified the ring of Liberty {rElec rPois rC++ MP+9
                  | Dex-4}
 69249 | Slime:5  | Identified the +2 chain mail of the Black Skies {Harm rC+
                  | Dex+3}
 69250 | Slime:5  | Identified the +6 chain mail of Gasol {-Tele rC++ Str+3
                  | SInv Stlth-}
 69274 | Slime:5  | Got a slimy rune of Zot
 69275 | Slime:5  | Identified the +0 robe of Courage {Fly}
 69646 | Pan      | Entered Pandemonium
 69652 | Pan      | Learned a level 4 spell: Manifold Assault
 69655 | Pan      | Learned a level 2 spell: Lesser Beckoning
 69670 | Pan      | Identified the +2 orcbow "Jellybane" {freeze, Dex+6}
 70190 | Pan      | Noticed Taqieps the pandemonium lord
 70198 | Pan      | Killed Taqieps the pandemonium lord
 70199 | Pan      | Reached skill level 1 in Evocations
 70683 | Pan      | Lost mutation: You are frail. (-10% HP) [Jiyva's grace]
 70683 | Pan      | Lost mutation: Your body has grown eyes which may confuse
                  | attackers. (Acc +3) [Jiyva's grace]
 70683 | Pan      | Lost mutation: You are vulnerable to cold. (rC-) [Jiyva's
                  | grace]
 70683 | Pan      | Lost mutation: Your melee attacks may engulf your foes in
                  | ooze. [Jiyva's grace]
 70683 | Pan      | Gained mutation: Your melee attacks may engulf your foes in
                  | ooze. [Jiyva's grace]
 70683 | Pan      | Gained mutation: You are agile. (Dex +4, Str/Int -1)
                  | [Jiyva's grace]
 70683 | Pan      | Gained mutation: You are very agile. (Dex +8, Str/Int -2)
                  | [Jiyva's grace]
 70683 | Pan      | Gained mutation: Your spells are a little harder to cast,
                  | but a little more powerful. [Jiyva's grace]
 70773 | Pan      | Noticed Buebb the pandemonium lord
 70778 | Pan      | Killed Buebb the pandemonium lord
 71026 | Pan      | Lost mutation: Your spells are a little harder to cast, but
                  | a little more powerful. [a neqoxec]
 71027 | Pan      | Noticed Faxuurimos the pandemonium lord
 71040 | Pan      | Killed Faxuurimos the pandemonium lord
 71475 | Depths:2 | Escaped Pandemonium
 71477 | Pan      | Entered Pandemonium
 71477 | Pan      | Noticed Isuilun the pandemonium lord
 71477 | Pan      | Found a huge runed translucent gate.
 71477 | Pan      | Found a huge runed translucent gate.
 71477 | Pan      | Found a huge runed translucent gate.
 71477 | Pan      | Found a huge runed translucent gate.
 71477 | Pan      | Found a huge runed translucent gate.
 71477 | Pan      | Found a huge runed translucent gate.
 71477 | Pan      | Found a huge runed translucent gate.
 71477 | Pan      | Found a huge runed translucent gate.
 71477 | Pan      | Found a huge runed translucent gate.
 71477 | Pan      | Found a huge runed translucent gate.
 71477 | Pan      | Found a huge runed translucent gate.
 71477 | Pan      | Found a huge runed translucent gate.
 71477 | Pan      | Found a huge runed translucent gate.
 71477 | Pan      | Found a huge runed translucent gate.
 71477 | Pan      | Found a huge runed translucent gate.
 71477 | Pan      | Found a huge runed translucent gate.
 71482 | Pan      | Killed Isuilun the pandemonium lord
 71514 | Pan      | Found a huge runed translucent gate.
 71514 | Pan      | Found a huge runed translucent gate.
 71514 | Pan      | Found a huge runed translucent gate.
 71514 | Pan      | Found a huge runed translucent gate.
 71514 | Pan      | Found a huge runed translucent gate.
 71531 | Pan      | Identified the +1 flail "Meatzoz" {freeze, rPois rF+ Str+3
                  | Int+3}
 71873 | Pan      | Identified the staff "Behon" {rC+ rN+ Ice}
 72077 | Pan      | Lost mutation: Your mind is very acute. (Int +8, Str/Dex
                  | -2) [Jiyva's grace]
 72077 | Pan      | Lost mutation: Your mind is acute. (Int +4, Str/Dex -1)
                  | [Jiyva's grace]
 72077 | Pan      | Lost mutation: You are somewhat resistant to further
                  | mutation. [Jiyva's grace]
 72077 | Pan      | Gained mutation: You have hidden genetic potential.
                  | [Jiyva's grace]
 72077 | Pan      | Gained mutation: You have great hidden genetic potential.
                  | [Jiyva's grace]
 72077 | Pan      | Gained mutation: Your spells are a little harder to cast,
                  | but a little more powerful. [Jiyva's grace]
 72077 | Pan      | Gained mutation: Your spells are harder to cast, but more
                  | powerful. [Jiyva's grace]
 72359 | Pan      | Noticed Uczativ the pandemonium lord
 72370 | Pan      | Killed Uczativ the pandemonium lord
 72814 | Pan      | Entered the realm of Cerebov.
 73032 | Pan      | Reached skill level 5 in Evocations
 73157 | Pan      | Identified the +0 ring mail of Wariness {Harm rF+}
 73223 | Pan      | Identified the ring "Gafum" {Wiz rC+ MP+9 Str+2}
 73237 | Pan      | Found the +6 sword of Cerebov {flame}
 73237 | Pan      | Noticed Cerebov
 73480 | Pan      | Reached skill level 5 in Translocations
 73587 | Pan      | Lost mutation: You are covered in thick fur. (AC +2)
                  | [Jiyva's grace]
 73587 | Pan      | Gained mutation: Your flesh is cold resistant. (rC+)
                  | [Jiyva's grace]
 73587 | Pan      | Gained mutation: Your flesh is very cold resistant. (rC++)
                  | [Jiyva's grace]
 73587 | Pan      | Gained mutation: Your flesh is almost immune to the effects
                  | of cold. (rC+++) [Jiyva's grace]
 73587 | Pan      | Gained mutation: Your rubbery body absorbs attacks. (AC +1,
                  | EV +1) [Jiyva's grace]
 74009 | Pan      | Killed Cerebov
 74010 | Pan      | Reached skill level 5 in Spellcasting
 74040 | Pan      | Got a fiery rune of Zot
 74097 | Pan      | Identified the staff "Fynast" {rF+ rN+ Fire}
 74098 | Pan      | Identified the +1 orcbow of Righteous Fury {flame, rPois
                  | rC+ Dex-4}
 74394 | Pan      | Noticed Wosiw the pandemonium lord
 74396 | Pan      | Killed Wosiw the pandemonium lord
 74495 | Pan      | Found an exit through the horrors of the Abyss.
 74594 | Pan      | Noticed Lihuwn the pandemonium lord
 74602 | Pan      | Killed Lihuwn the pandemonium lord
 74711 | Pan      | Found a runed translucent door.
 74733 | Pan      | Got a demonic rune of Zot
 74736 | Pan      | Lost mutation: Your spells are harder to cast, but more
                  | powerful. [potion of mutation]
 74736 | Pan      | Lost mutation: You have great hidden genetic potential.
                  | [potion of mutation]
 74736 | Pan      | Lost mutation: You possess an exceptional clarity of mind.
                  | [potion of mutation]
 74739 | Pan      | Gained mutation: You passively dampen the noise of your
                  | surroundings. [hidden potential]
 75417 | Pan      | Entered the realm of Lom Lobon.
 76033 | Pan      | Lost mutation: Your flesh is almost immune to the effects
                  | of cold. (rC+++) [Jiyva's grace]
 76033 | Pan      | Lost mutation: You are covered in fur. (AC +1) [Jiyva's
                  | grace]
 76033 | Pan      | Lost mutation: Your rubbery body absorbs attacks. (AC +1,
                  | EV +1) [Jiyva's grace]
 76033 | Pan      | Lost mutation: You have hidden genetic potential. [Jiyva's
                  | grace]
 76033 | Pan      | Lost mutation: Your melee attacks may engulf your foes in
                  | ooze. [Jiyva's grace]
 76033 | Pan      | Gained mutation: You expend magic power (3 MP) to
                  | strengthen your wands. [Jiyva's grace]
 76033 | Pan      | Gained mutation: Your muscles are strong. (Str +4, Int/Dex
                  | -1) [Jiyva's grace]
 76033 | Pan      | Gained mutation: Your muscles are very strong. (Str +8,
                  | Int/Dex -2) [Jiyva's grace]
 76033 | Pan      | Gained mutation: Your skin changes colour to match your
                  | surroundings (Stealth+). [Jiyva's grace]
 76567 | Pan      | Noticed Lom Lobon
 76608 | Pan      | HP: 7/321 [Lom Lobon/great icy blast (39)]
 76890 | Pan      | Killed Lom Lobon
 76891 | Pan      | Reached skill level 27 in Fighting
 76936 | Pan      | Got a magical rune of Zot
 77065 | Pan      | Entered the realm of Mnoleg.
 77095 | Pan      | Gained mutation: You occasionally lose the ability to read
                  | scrolls when taking damage. [a cacodemon]
 77146 | Pan      | Gained mutation: You are occasionally teleported next to
                  | monsters. [a cacodemon]
 77175 | Pan      | Noticed Mnoleg
 77210 | Pan      | Killed Mnoleg
 77249 | Pan      | Lost mutation: Your spells are a little harder to cast, but
                  | a little more powerful. [a neqoxec]
 77277 | Pan      | Gained mutation: You occasionally shout uncontrollably at
                  | your foes. [a cacodemon]
 77278 | Pan      | Gained mutation: You occasionally lose the ability to drink
                  | potions when taking damage. [a neqoxec]
 77507 | Pan      | Found an exit through the horrors of the Abyss.
 77568 | Pan      | Lost mutation: You occasionally lose the ability to read
                  | scrolls when taking damage. [a cacodemon]
 77616 | Pan      | Gained mutation: You sometimes lose your temper in combat.
                  | [a cacodemon]
 77723 | Pan      | Lost mutation: You expend magic power (3 MP) to strengthen
                  | your wands. [potion of mutation]
 77723 | Pan      | Lost mutation: Your muscles are very strong. (Str +8,
                  | Int/Dex -2) [potion of mutation]
 77723 | Pan      | Gained mutation: Your natural rate of healing is unusually
                  | fast. [potion of mutation]
 77742 | Pan      | Got a glowing rune of Zot
 77768 | Pan      | Gained mutation: Your body sometimes deteriorates upon
                  | taking damage. [a cacodemon]
 77846 | Pan      | Entered the realm of Gloorx Vloq.
 78104 | Pan      | Found an exit through the horrors of the Abyss.
 78649 | Pan      | Noticed Gloorx Vloq
 78660 | Pan      | Killed Gloorx Vloq
 78677 | Pan      | Got a dark rune of Zot
 78730 | Pan      | Reached skill level 10 in Evocations
 79093 | Pan      | Lost mutation: Your skin changes colour to match your
                  | surroundings (Stealth+). [Jiyva's grace]
 79093 | Pan      | Lost mutation: You are very agile. (Dex +8, Str/Int -2)
                  | [Jiyva's grace]
 79093 | Pan      | Lost mutation: You are agile. (Dex +4, Str/Int -1) [Jiyva's
                  | grace]
 79093 | Pan      | Lost mutation: Your flesh is very cold resistant. (rC++)
                  | [Jiyva's grace]
 79093 | Pan      | Lost mutation: You occasionally shout uncontrollably at
                  | your foes. [Jiyva's grace]
 79093 | Pan      | Lost mutation: You are occasionally teleported next to
                  | monsters. [Jiyva's grace]
 79093 | Pan      | Lost mutation: You passively dampen the noise of your
                  | surroundings. [Jiyva's grace]
 79093 | Pan      | Gained mutation: Your rubbery body absorbs attacks. (AC +1,
                  | EV +1) [Jiyva's grace]
 79093 | Pan      | Gained mutation: Your pliable body absorbs attacks. (AC +2,
                  | EV +2) [Jiyva's grace]
 79093 | Pan      | Gained mutation: Your gelatinous body deflects attacks. (AC
                  | +3, EV +3) [Jiyva's grace]
 79093 | Pan      | Gained mutation: You are agile. (Dex +4, Str/Int -1)
                  | [Jiyva's grace]
 79139 | Pan      | Noticed Ehuyklie the pandemonium lord
 79156 | Pan      | Killed Ehuyklie the pandemonium lord
 79386 | Pan      | Found an exit through the horrors of the Abyss.
 79864 | Depths:2 | Escaped Pandemonium
 80021 | Coc:1    | Entered Level 1 of Cocytus
 80387 | Coc:2    | Noticed an ancient lich
 80409 | Coc:2    | Noticed an ancient lich
 80424 | Coc:2    | Killed an ancient lich
 80450 | Coc:2    | Killed an ancient lich
 81011 | Coc:4    | Paralysed by a wendigo for 1 turns
 81971 | Coc:7    | Entered Level 7 of Cocytus
 81986 | Coc:7    | Paralysed by a wendigo for 1 turns
 82120 | Coc:7    | Paralysed by a wendigo for 1 turns
 82295 | Coc:7    | Reached skill level 27 in Shields
 82616 | Coc:7    | Noticed Antaeus
 82624 | Coc:7    | Reached skill level 15 in Armour
 82663 | Coc:7    | Identified the +8 great mace of the Hall of Blades {chaos,
                  | rF+ Int+2}
 82684 | Coc:7    | Killed Antaeus
 82702 | Coc:7    | Got an icy rune of Zot
 82946 | Coc:7    | Identified the +10 flail "Lifebane" {distort, rN+}
 82950 | Coc:7    | Identified the +6 plate armour of Sihit {rElec rF- Dex+5}
 83284 | Tar:1    | Entered Level 1 of Tartarus
 83490 | Tar:1    | Lost mutation: You have a pair of small horns on your head.
                  | [Jiyva's grace]
 83490 | Tar:1    | Lost mutation: You are agile. (Dex +4, Str/Int -1) [Jiyva's
                  | grace]
 83490 | Tar:1    | Lost mutation: Your body sometimes deteriorates upon taking
                  | damage. [Jiyva's grace]
 83490 | Tar:1    | Lost mutation: Your gelatinous body deflects attacks. (AC
                  | +3, EV +3) [Jiyva's grace]
 83490 | Tar:1    | Gained mutation: You have a pair of small horns on your
                  | head. [Jiyva's grace]
 83490 | Tar:1    | Gained mutation: You have a pair of horns on your head.
                  | [Jiyva's grace]
 83490 | Tar:1    | Gained mutation: You have a pair of large horns on your
                  | head. [Jiyva's grace]
 83490 | Tar:1    | Gained mutation: You are covered in slimy tendrils that may
                  | disarm your opponents. [Jiyva's grace]
 83930 | Tar:3    | Reached skill level 15 in Evocations
 84163 | Tar:4    | You fall into a shaft and drop 1 floor!
 84603 | Tar:7    | Entered Level 7 of Tartarus
 85260 | Tar:7    | Lost mutation: You are covered in slimy tendrils that may
                  | disarm your opponents. [Jiyva's grace]
 85260 | Tar:7    | Gained mutation: You are covered in fur. (AC +1) [Jiyva's
                  | grace]
 85260 | Tar:7    | Gained mutation: You are covered in thick fur. (AC +2)
                  | [Jiyva's grace]
 85260 | Tar:7    | Gained mutation: Your thick and shaggy fur keeps you warm.
                  | (AC +3, rC+) [Jiyva's grace]
 85260 | Tar:7    | Lost mutation: You sometimes lose your temper in combat.
                  | [Jiyva's grace]
 85497 | Tar:7    | Found the +10 tower shield of Ignorance {rN+ Int-4}
 85509 | Tar:7    | Reached skill level 10 in Stealth
 85515 | Tar:7    | Identified the +0 chain mail of the Moon {+Blink Int+3
                  | Dex-4}
 85592 | Tar:7    | Identified the staff of Panas {Str+3 Necro Earth}
 85592 | Tar:7    | Noticed Ereshkigal
 85609 | Tar:7    | Killed Ereshkigal
 85663 | Tar:7    | Identified the +1 pair of gloves of Syndicalism {rC+}
 85668 | Tar:7    | Identified the +1 arbalest of Extermination {freeze,
                  | ^Contam rN++ Str+5}
 85670 | Tar:7    | Got a bone rune of Zot
 85748 | Tar:7    | Identified the +6 orcbow of Propriety {heavy, rN++}
 85749 | Tar:7    | Identified the +2 quarterstaff "Geilo" {freeze, rF+ Dex+2}
 85750 | Tar:7    | Identified the +3 great sword of Departure {freeze, rElec}
 86606 | Dis:1    | Entered Level 1 of the Iron City of Dis
 86734 | Dis:2    | Noticed a juggernaut
 86734 | Dis:2    | Noticed a juggernaut
 86734 | Dis:2    | Noticed a juggernaut
 86750 | Dis:2    | Killed a juggernaut
 86767 | Dis:2    | Killed a juggernaut
 86774 | Dis:2    | Killed a juggernaut
 87419 | Dis:4    | Noticed a royal mummy
 87420 | Dis:4    | Noticed a royal mummy
 87421 | Dis:4    | Noticed an ancient lich
 87421 | Dis:4    | Noticed a dread lich
 87421 | Dis:4    | Noticed a royal mummy
 87528 | Dis:4    | Killed an ancient lich
 87548 | Dis:4    | Killed a royal mummy
 87554 | Dis:4    | Killed a royal mummy
 87566 | Dis:4    | Killed a dread lich
 87573 | Dis:4    | Killed a royal mummy
 88238 | Dis:7    | Entered Level 7 of the Iron City of Dis
 88455 | Dis:7    | Reached skill level 15 in Stealth
 88660 | Dis:7    | Lost mutation: You have a pair of large horns on your head.
                  | [Jiyva's grace]
 88660 | Dis:7    | Lost mutation: Your pliable body absorbs attacks. (AC +2,
                  | EV +2) [Jiyva's grace]
 88660 | Dis:7    | Lost mutation: You occasionally lose the ability to drink
                  | potions when taking damage. [Jiyva's grace]
 88660 | Dis:7    | Gained mutation: Your melee attacks may engulf your foes in
                  | ooze. [Jiyva's grace]
 88660 | Dis:7    | Gained mutation: You have acidic saliva. [Jiyva's grace]
 88660 | Dis:7    | Gained mutation: You have a small jelly attached to you
                  | that may absorb projectiles. [Jiyva's grace]
 88660 | Dis:7    | Gained mutation: You are partially covered in large bone
                  | plates. (SH +4) [Jiyva's grace]
 88899 | Dis:7    | Noticed a juggernaut
 88917 | Dis:7    | Killed a juggernaut
 88958 | Dis:7    | Identified the +1 arbalest of Due Proportion {penet, ^Drain
                  | Will++ rCorr}
 89077 | Dis:7    | Noticed a juggernaut
 89095 | Dis:7    | Killed a juggernaut
 89162 | Dis:7    | Got A Thorough Guide to the Wizard's Wisdom
 89171 | Dis:7    | Identified the ring of Pik Ifoi {rElec rC- rN++ Str+2
                  | Slay+4}
 89611 | Dis:7    | Identified the amulet "Ciuc" {Faith Stlth+}
 89611 | Dis:7    | Noticed Dispater
 89618 | Dis:7    | Noticed a juggernaut
 89636 | Dis:7    | Slimified a juggernaut
 89636 | Dis:7    | a juggernaut changed into an azure jelly
 89662 | Dis:7    | Killed Dispater
 89676 | Dis:7    | Got an iron rune of Zot
 90205 | Geh:1    | Entered Level 1 of Gehenna
 90656 | Geh:2    | Lost mutation: Your thick and shaggy fur keeps you warm.
                  | (AC +3, rC+) [Jiyva's grace]
 90656 | Geh:2    | Lost mutation: You are covered in thick fur. (AC +2)
                  | [Jiyva's grace]
 90656 | Geh:2    | Lost mutation: Your muscles are strong. (Str +4, Int/Dex
                  | -1) [Jiyva's grace]
 90656 | Geh:2    | Lost mutation: You have a small jelly attached to you that
                  | may absorb projectiles. [Jiyva's grace]
 90656 | Geh:2    | Gained mutation: You have an increased reservoir of magic.
                  | (+10% MP) [Jiyva's grace]
 90656 | Geh:2    | Gained mutation: You have a considerably increased
                  | reservoir of magic. (+20% MP) [Jiyva's grace]
 90656 | Geh:2    | Gained mutation: You have a greatly increased reservoir of
                  | magic. (+30% MP) [Jiyva's grace]
 90656 | Geh:2    | Gained mutation: You are resistant to electric shocks.
                  | (rElec) [Jiyva's grace]
 91777 | Geh:7    | Entered Level 7 of Gehenna
 91978 | Geh:7    | Found the +11 plutonium sword {^Contam Stlth-}
 92033 | Geh:7    | Noticed the Serpent of Hell
 92047 | Geh:7    | Killed the Serpent of Hell
 92160 | Geh:7    | Found the +13 sceptre of Asmodeus
 92160 | Geh:7    | Noticed Asmodeus
 92179 | Geh:7    | Killed Asmodeus
 92244 | Geh:7    | Got an obsidian rune of Zot
 93450 | Tomb:1   | Entered Level 1 of the Tomb of the Ancients
 93565 | Tomb:1   | Lost mutation: Your flesh is cold resistant. (rC+) [Jiyva's
                  | grace]
 93565 | Tomb:1   | Lost mutation: You have a greatly increased reservoir of
                  | magic. (+30% MP) [Jiyva's grace]
 93565 | Tomb:1   | Gained mutation: You have a somewhat thin skeletal
                  | structure. (Dex +2, Stealth+) [Jiyva's grace]
 93565 | Tomb:1   | Gained mutation: You have a moderately thin skeletal
                  | structure. (Dex +4, Stealth++) [Jiyva's grace]
 93565 | Tomb:1   | Gained mutation: You have an unnaturally thin skeletal
                  | structure. (Dex +6, Stealth+++) [Jiyva's grace]
 93565 | Tomb:1   | Gained mutation: You have supernaturally acute eyesight.
                  | (SInv) [Jiyva's grace]
 93703 | Tomb:1   | Noticed a royal mummy
 93712 | Tomb:1   | Killed a royal mummy
 94310 | Tomb:2   | Noticed Boris
 94312 | Tomb:2   | Noticed a royal mummy
 94312 | Tomb:2   | Noticed a royal mummy
 94312 | Tomb:2   | Noticed a royal mummy
 94312 | Tomb:2   | Noticed a royal mummy
 94322 | Tomb:2   | Killed Boris
 94329 | Tomb:2   | Lost mutation: Your natural rate of healing is unusually
                  | fast. [mutagenic glow]
 94340 | Tomb:1   | Gained mutation: Your health recovers twice as slowly from
                  | being drained. [mutagenic glow]
 94561 | Tomb:2   | Killed a royal mummy
 95406 | Zot:5    | Got the Orb of Zot
 95424 | Zot:5    | Noticed Hapnaec the pandemonium lord
 95428 | Zot:5    | Killed Hapnaec the pandemonium lord
 95439 | Zot:5    | Gained mutation: Armour fits poorly on your strangely
                  | shaped body. [a neqoxec]
 95440 | Zot:5    | Lost mutation: You have a considerably increased reservoir
                  | of magic. (+20% MP) [a neqoxec]
 95643 | Depths:4 | Noticed Mottelud the pandemonium lord
 95649 | Depths:4 | Killed Mottelud the pandemonium lord
 95694 | Depths:2 | Noticed Boris
 95700 | Depths:2 | Killed Boris
 95847 | D:13     | Noticed Equnuuryb the pandemonium lord
 95853 | D:13     | Killed Equnuuryb the pandemonium lord
 96032 | D:7      | Noticed Jucyoh the pandemonium lord
 96035 | D:7      | Killed Jucyoh the pandemonium lord
 96141 | D:2      | Noticed Voky the pandemonium lord
 96151 | D:2      | Killed Voky the pandemonium lord
 96221 | D:$      | Escaped with the Orb!

Illustrated notes

Levels and vault maps discovered:
D:1:      scummos_arrival_star, layout_rooms
D:2:      layout_rooms, chequers_avenue, minmay_misc_feat_hallway, st_stairs_8
D:3:      layout_basic, grunt_temple_overflow_magic_moments,
          grunt_dithmenos_smoke_and_mirrors, nicolae_overflow_two_pavilions,
          hellmonk_ecumenical_altar_crossroads
D:4:      layout_rooms, biasface_ghost_orc_armoury, hangedman_decor_push,
          uniq_ijyb
D:5:      layout_basic, minmay_temple_entry_glassed_door, minmay_misc_feat_five,
          pf_guarded_unrand_delatra, uniq_duvessa
D:6:      layout_loops_ring, lemuel_crystal_altar,
          nicolae_hepliaklqana_hazy_memory
D:7:      layout_basic, mainiacjoe_overflow_six_doors_small, uniq_menkaure
D:8:      layout_basic, nicolae_uskayaw_en_pointe, yredelemnul_altar_generic,
          hellmonk_ghost_happy_afterlife, serial_shops, shop,
          kennysheep_minor_cross, minivault_23, lightli_corner_chamber
D:9:      layout_loops_ring, kennysheep_orc_monster_closet_entryway,
          gammafunk_ghost_spectres, minmay_misc_feat_diagonals,
          minmay_misc_feat_encased
D:10:     layout_cave_pools, serial_glass, glass_columns_b, glass_columns_a,
          minmay_strange_pillars, item_on_display_a, item_on_display_a,
          uniq_grum
D:11:     layout_small_grid, due_lair_maze_entry_diamond,
          hellmonk_ghost_big_iron, st_stairs_13, hangedman_minor_magic
D:12:     layout_loops_ring, lightli_elemental_guards, uniq_azrael
D:13:     layout_rooms, gauntlet_entry_generic, tgw_lugonu_bribe
D:14:     layout_basic, hangedman_vaults_entry_quadrant_bands, serial_shops,
          shop, serial_rivers, chequers_serial_rivers_small_3,
          chequers_serial_rivers_large_a, chequers_serial_rivers_micro_b,
          chequers_serial_rivers_marsh
D:15:     hangedman_depths_entry_try_elsewhere_first, layout_basic,
          kennysheep_crisscross
Temple:   minmay_freezing_vapour_temple
Lair:1:   beast_lair_carwin_large_3, layout_cave_pods
Lair:2:   layout_cave_pods, swamp_mist, alex1729_snake_entry_snake,
          nicolae_lair_grazing_beasts [nicolae_sub_lair_graze_edge,
          nicolae_sub_lair_graze_edge, nicolae_sub_lair_graze_edge,
          nicolae_sub_lair_graze_edge], uniq_maggie
Lair:3:   layout_misc_corridors, grunt_megastairs_5
Lair:4:   layout_roguey, serial_bayou_shore_b, serial_bayou_shore_a
Lair:5:   hellmonk_lair_end_abyssal_woods, layout_small_grid, slime_entry_1,
          nicolae_lair_grove_arrangements, uniq_nessos
Swamp:1:  layout_basic_swamp, evilmike_swamp_ruin_house_3,
          infiniplex_staircase_pool_2
Swamp:2:  layout_basic_swamp, evilmike_swamp_ruin_rubble_1
Swamp:3:  tekkud_swamp_unearthing_site, layout_falls_marsh,
          evilmike_swamp_ruin_rubble_2, nicolae_swamp_bean_lake, swamp_pool_3,
          nicolae_swamp_spooky_pond, uniq_donald
Swamp:4:  swamp_fiery, layout_basic_swamp
Snake:1:  layout_layer_cave, serial_library_regret_index_branch_corner,
          grunt_megastairs_4, serial_bayou_shore_b, uniq_aizul, uniq_louise
Snake:2:  layout_cave_pods
Snake:3:  nicolae_snake_nest, layout_misc_corridors,
          nicolae_shop_sticking_my_neck_out, uniq_asterion
Snake:4:  grunt_snake_rune_spirals, layout_onion_interference, serial_shops,
          nicolae_shop_getting_attention, serial_bayou_lake_a
Slime:1:  layout_caves
Slime:2:  layout_caves, cheibrodos_slime_lost_civilization_4
Slime:3:  nicolae_slime_infinislime, layout_caves
Slime:4:  layout_caves, special_room [special_room_jelly]
Slime:5:  slime_pit_nicolae_amoeboid
Orc:1:    layout_caves, uniq_josephine
Orc:2:    grunt_orc_community_town_hall, layout_diamond_mine,
          grunt_orc_community_big_house_1, grunt_orc_community_big_house_1,
          grunt_orc_community_house_3, grunt_orc_community_house_3,
          grunt_orc_community_house_3, grunt_orc_community_house_2
Elf:1:    nicolae_elf_arrival_aired_out, layout_loops_cross, serial_shops, shop,
          serial_co_window_serial, co_window_paths_a, co_window_paths_a,
          co_window_paths_b, co_window_cross_1, co_window_paths_a,
          co_window_of_opportunity_a, co_window_corner_a, co_window_broadway_a,
          co_window_corner_b, co_window_broadway_c, co_window_2corner,
          hangedman_elf_disciples, uniq_norris
Elf:2:    nicolae_elf_blades_crystal_corner, layout_onion_city, uniq_saint_roka,
          uniq_nikola
Elf:3:    minmay_elf_hall_x, layout_geoelf_castle, minmay_shop_grove
Vaults:1: nicolae_vaults_stepped_doors, v_misc_10,
          nicolae_vaults_trapezoid_lopsided_2, cheibrodos_frozen_isle,
          hangedman_vaults_impose, hangedman_vaults_impose,
          hangedman_vaults_corner, grunt_vaults_focal,
          nicolae_vaults_trapezoid_2, nicolae_vaults_twisting_passages,
          nicolae_vaults_heart-shaped_vault, layout_vaults_maze_snakey
Vaults:2: not_door_vault_due, vaults_standard_mumra_lines, v_rooms_5,
          nicolae_vaults_two_Ls, nicolae_vaults_bisected_inception,
          hangedman_vaults_stagger, vaults_room_semicircle,
          nicolae_vaults_weapon_check, nicolae_vaults_tetromino_L_1,
          ontoclasm_vaults_gateway, nicolae_vaults_apartment_2,
          layout_vaults_big_cross, serial_shops, shop_scrolls
Vaults:3: vaults_room_boxed, minmay_crypt_entry_simple_plaza,
          hangedman_vaults_slice, hangedman_vaults_pinch, vaults_room_octagon,
          v_misc_14, v_misc_16, vaults_room_stairs_pillars,
          nicolae_vaults_yaktaur_gun_rack, layout_vaults_ring
Vaults:4: ontoclasm_vaults_decontamination, regret_index_early_branch_jog,
          v_misc_27, vaults_standard_mumra_enter_the_diamond,
          vaults_room_corners, layout_vaults_omnigrid, uniq_jory
Vaults:5: serial_shops
Crypt:1:  layout_gridlike, ebering_ghost_disaster_area, st_stairs_5, uniq_khufu,
          uniq_boris
Crypt:2:  gammafunk_its_a_trap, layout_gridlike,
          serial_library_hellmonk_junction, nicolae_crypt_ex-fountain
Crypt:3:  due_elkab, layout_chaotic_city, tomb_entry_shell_bobbens,
          nicolae_crypt_small_crypt, serial_sigils_hangedman_shear,
          grunt_ministairs_10
Tomb:1
Tomb:2
Depths:1: layout_forbidden_donut, hellmouth_3, chequers_decorated_corner,
          hangedman_decor_clover_reticule, nicolae_hexahallways,
          minmay_evil_grid, uniq_mara
Depths:2: minmay_diamond_stairs, layout_gridville, enter_ziggurat_b,
          elyvilon_altar_4, rand_demon_pan_entry_7, hangedman_coc_ice_floe,
          roderic_roman_lattice
Depths:3: evilmike_diamond_2, layout_small_grid, grunt_pan_entry_zigzag,
          hell_entry, abyss_entry_small_statue_room, serial_sigils,
          serial_sigils_hangedman_writhe, serial_sigils_hangedman_carve,
          serial_sigils_hangedman_snap, serial_sigils_hangedman_scratch,
          serial_sigils_hangedman_gut, st_stairs_10, grunt_ministairs_2,
          bh_walls_and_bars, uniq_mennas
Depths:4: grunt_twist_and_shout, layout_cave_shapes,
          gammafunk_ghost_tricky_traps, nicolae_two_hexagons,
          rand_demon_pan_entry_5, hell_entry, kennysheep_flooded_box,
          kennysheep_random_hallway
Hell
Dis:1:    layout_gridville
Dis:2:    layout_overlapping_boxes, nicolae_dis_step_into_the_octagon
Dis:3:    nicolae_dis_hell_of_blades
Dis:4:    layout_gridville, lemuel_mystery_crypt
Dis:5:    layout_jigsaw
Dis:6:    layout_subdivisions
Dis:7:    dis_hangedman
Geh:1:    layout_gehenna_pools_box, gehenna_fire_generator
Geh:2:    layout_gehenna_lava_caves
Geh:3:    layout_gehenna_pools_box
Geh:4:    nicolae_geh_seventh_circle, layout_gehenna_pools_basic,
          nicolae_geh_niches_of_the_damned
Geh:5:    layout_gehenna_pools_basic
Geh:6:    layout_gehenna_lava_caves
Geh:7:    geh_grunt
Coc:1:    layout_cocytus_water_paths
Coc:2:    layout_ice_bergs, special_room [special_room_morgue]
Coc:3:    layout_cocytus_water_paths
Coc:4:    layout_ice_bergs, nicolae_coc_icebean_singular
          [nicolae_sub_coc_subbean]
Coc:5:    layout_cocytus_water_paths
Coc:6:    layout_ice_bergs
Coc:7:    coc_grunt
Tar:1:    layout_cathedral_of_symmetry, nicolae_tar_cuneiform_city
Tar:2:    layout_honeycomb
Tar:3:    layout_cathedral_of_symmetry
Tar:4:    layout_honeycomb
Tar:5:    layout_grid_maze, nicolae_tar_cuneiform_city, nicolae_tar_grid_combs
Tar:6:    layout_cathedral_of_symmetry
Tar:7:    tar_minmay_river
Zot:1:    layout_onion, regret_index_zotdec_stipple_waver
Zot:2:    layout_gridlike
Zot:3:    layout_cathedral_of_symmetry, regret_index_zotdec_misc_clamp,
          regret_index_zotdec_ex, uniq_josephina
Zot:4:    dreamdust_zin_vs_xom, layout_cathedral_of_symmetry,
          regret_index_zotdec_fiery_em, uniq_parghit
Zot:5:    layout_basic

Skill      XL: |  1  2  3  4  5  6  7  8  9 10 11 12 13 14 15 16 17 18 19 20 21 22 23 24 25 26 27 |
---------------+----------------------------------------------------------------------------------+-----
Long Blades    | 4 5 6 7 8 10 12 13 15 16 17 18 19 20 22 23 24 25 27 | 27.0
Fighting       | 4 5 6 8 9 10 11 12 13 14 15 16 17 18 19 20 21 27 | 27.0
Dodging        | 5 6 7 8 9 10 12 14 15 16 17 18 19 21 23 24 25 26 27 | 27.0
Invocations    | 2 5 7 8 9 10 11 12 13 14 19 | 19.5
Stealth        | 3 5 19 | 19.9
Armour         | 2 3 5 6 7 8 22 | 22.9
Shields        | 4 7 8 10 11 14 16 17 27 | 27.0
Throwing       | 3 5 6 7 9 10 11 | 11.0
Shapeshifting  | 3 5 6 7 9 15 16 18 20 21 25 | 25.0
Spellcasting   | 3 4 5 |  5.0
Translocations | 2 4 8 |  8.0
Evocations     | 21 | 21.0

Action                     |  1- 3 |  4- 6 |  7- 9 | 10-12 | 13-15 | 16-18 | 19-21 | 22-24 | 25-27 || total
---------------------------+-------+-------+-------+-------+-------+-------+-------+-------+-------++-------
  Melee: Falchion          |    63 |   156 |   284 |   272 |       |       |       |       |       ||   775
         Scimitar          |       |       |       |   317 |  1043 |       |       |       |       ||  1360
         Tailslap          |       |       |       |       |    37 |    35 |     8 |       |    89 ||   169
         Demon blade       |       |       |       |       |   170 |   913 |  1045 |  1123 |  4331 ||  7582
         Headbutt          |       |       |       |       |       |       |       |       |  2016 ||  2016
         Double sword      |       |       |       |       |       |       |       |       |  3170 ||  3170
         Bite              |       |       |       |       |       |       |       |       |   169 ||   169
  Throw: Dart              |     6 |    13 |     6 |       |     1 |       |       |       |     2 ||    28
   Cast: Blink             |       |       |       |       |       |       |       |     3 |     8 ||    11
 Invoke: Heroism           |       |       |     6 |     6 |     3 |     4 |     3 |     4 |     1 ||    27
         Finesse           |       |       |       |     1 |       |     3 |     2 |     2 |       ||     8
         Receive Weapon    |       |       |       |       |       |       |       |       |     1 ||     1
         Receive Armour    |       |       |       |       |       |       |       |       |     1 ||     1
         Duel              |       |       |       |       |       |       |       |       |     1 ||     1
         Oozemancy         |       |       |       |       |       |       |       |       |     3 ||     3
         Slimify           |       |       |       |       |       |       |       |       |     1 ||     1
  Evoke: Wand              |       |     4 |     1 |       |       |       |       |       |     6 ||    11
         Lightning rod     |       |       |       |       |       |       |       |       |     5 ||     5
         Tin of tremorston |       |       |       |       |       |       |       |       |     4 ||     4
         Horn of Geryon    |       |       |       |       |       |       |       |       |     1 ||     1
         Phial of floods   |       |       |       |       |       |       |       |       |     1 ||     1
    Use: Scroll            |       |       |       |    15 |    10 |     7 |     1 |     4 |    42 ||    79
         Potion            |       |       |       |       |     2 |     1 |       |     2 |    20 ||    25
   Stab: Sleeping          |       |       |       |     4 |    11 |    19 |    19 |    26 |    61 ||   140
         Distracted        |       |       |       |     2 |     3 |     6 |     1 |     6 |    84 ||   102
         Confused          |       |       |       |       |       |       |       |       |    56 ||    56
 Armour: Robe              |    46 |    91 |   107 |    53 |       |       |       |       |       ||   297
         Acid dragon scale |       |       |       |    85 |   214 |       |       |       |       ||   299
         Leather armour    |       |       |       |       |    78 |   251 |       |       |       ||   329
         Skin              |       |       |       |       |       |    14 |   341 |   326 |  2305 ||  2986
         Troll leather arm |       |       |       |       |       |       |       |       |     5 ||     5
  Dodge: Dodged            |    65 |   115 |   254 |   560 |  1130 |   906 |  1334 |  1199 |  9390 || 14953
  Block: Buckler           |       |       |       |    25 |   552 |   431 |       |       |       ||  1008
         Kite shield       |       |       |       |       |       |    43 |   441 |       |  3029 ||  3513
         Tower shield      |       |       |       |       |       |       |  1445 |  2074 | 10695 || 14214
   Form: Statue            |       |       |       |       |       |     1 |     3 |     2 |     5 ||    11
                           |       |       |       |       |       |       |     3 |     2 |     5 ||    10
